 Dungeon Crawl Stone Soup version 0.30-a0-169-g06f667207d (webtiles) character file.

Game seed: 10031151771954671018

4076 qw the Cleaver (level 10, 63/63 HPs)
             Began as a Gargoyle Fighter on Sept 29, 2022.
             Was a Priest of Okawaru.
             Quit the game on level 8 of the Dungeon.
             The game lasted 00:11:45 (9527 turns).

qw the Cleaver (Gargoyle Fighter)                   Turns: 9527, Time: 00:11:45

Health: 63/63      AC: 32    Str: 24    XL:     10   Next: 25%
Magic:  13/13      EV:  5    Int:  9    God:    Okawaru [***...]
Gold:   556        SH: 13    Dex:  9    Spells: 9/9 levels left

rFire   + . .      SeeInvis .    x - +4 broad axe (vamp)
rCold   . . .      Faith    .    A - +0 kite shield
rNeg    + . .      Spirit   .    o - +0 plate armour
rPois   inf        Reflect  +    q - +0 helmet
rElec   +          Harm     .    t - +1 cloak
rCorr   .          Rampage  .    g - +2 pair of gloves
Will    .....                    a - +0 pair of boots
Stlth   ..........               B - amulet of reflection
HPRegen 0.20/turn                p - ring of protection from fire
MPRegen 0.13/turn                f - +4 ring of protection

@: no status effects
A: sickness immunity, AC +7, negative energy resistance 1, electricity
resistance, torment resistance 1, petrification resistance
a: Renounce Religion, Heroism


You were on level 8 of the Dungeon.
You worshipped Okawaru.
Okawaru was most pleased with you.
You visited 2 branches of the dungeon, and saw 9 of its levels.

You collected 556 gold pieces.


Innate Abilities, Weirdness & Mutations

You are immune to sickness and miasma.
Your stone body is resilient. (AC +7)
You are immune to poison.
You resist negative energy. (rN+)
You are resistant to electric shocks. (rElec)
You are resistant to unholy torment.
You are immune to petrification.


   Skills:
 - Level 7.0 Fighting
 - Level 9.6 Axes
 - Level 3.0 Throwing
 - Level 7.1 Armour
 - Level 1.0 Dodging
 + Level 4.9 Shields
 - Level 4.0 Invocations


You had 9 spell levels left.
You didn't know any spells.
Your spell library was empty.

Inventory:

Hand Weapons
 x - a +4 vampiric broad axe (weapon)
 Y - a +0 war axe of flaming
Missiles
 b - 11 boomerangs (quivered)
Armour
 a - a +0 pair of boots (worn)
 g - a +2 pair of gloves (worn)
 o - a +0 plate armour (worn)
 q - a +0 helmet (worn)
 t - a +1 cloak (worn)
 A - a +0 kite shield (worn)
Jewellery
 f - a +4 ring of protection (right hand)
 p - a ring of protection from fire (left hand)
 y - a ring of ice
 B - an amulet of reflection (around neck)
Scrolls
 j - a scroll of identify
Potions
 d - 3 potions of might
 h - a potion of heal wounds
 i - a potion of magic
 k - a potion of cancellation
 l - a potion of attraction
 m - 4 potions of haste
 s - a potion of lignification
 u - a potion of flight {unknown}
 z - a potion of curing

Dungeon Overview and Level Annotations

Branches:
Dungeon (8/15)             Temple (1/1) D:4
   Lair: D:8-11

Altars:
Ashenzari
Cheibriados
Dithmenos
Elyvilon
Fedhas
Gozag
Hepliaklqana
Kikubaaqudgha
Makhleb
Nemelex Xobeh
Okawaru
Qazlal
Ru
Sif Muna
Trog
Uskayaw
Vehumet
Wu Jian
Xom
Yredelemnul
Zin
The Shining One


Message History

A gnoll is nearby!
9514 ||| Stepping randomly (stuck).
You see here a +0 dagger.
A gnoll is nearby!
A gnoll is nearby!
9515 ||| Stepping randomly (stuck).
The hobgoblin shouts!
Things that are here:
a +0 dagger; 5 poisoned darts A gnoll is nearby!
A gnoll is nearby!
9516 ||| Stepping randomly (stuck).
There are monsters nearby!
There are monsters nearby!
9517 ||| Stepping randomly (stuck).
The gnoll shouts!
You see here 23 gold pieces.
There are monsters nearby!
There are monsters nearby!
9518 ||| Stepping randomly (stuck).
Things that are here:
a +0 whip; 5 stones A gnoll is nearby!
A gnoll is nearby!
9519 ||| Stepping randomly (stuck).
There are monsters nearby!
There are monsters nearby!
9521 ||| Stepping randomly (stuck).
There are monsters nearby!
There are monsters nearby!
9523 ||| Stepping randomly (stuck).
There are monsters nearby!
There are monsters nearby!
9525 ||| Stepping randomly (stuck).
You see here 23 gold pieces.
There are monsters nearby!
There are monsters nearby!
9526 ||| Stepping randomly (stuck).
You see here a +0 dagger.
Are you sure you want to abandon this character and quit the game? (Confirm with "yes".)

###..####'###....# #.# #
)................############.#
#####.#####..................)###
....#<# #####...############...
###.#.# #...### #.## ###.#.####
#.....# #.#
.........######.)...## #.#
##.....>......)......### #.#
..........)....$@......##### #.#
..P............))..........###>#
...7...!)..$7)7P.....P.P....##.#
.777.7.7....P7........7........#
## ###777...7777....7...7P...###
ho ##### ##)''#P..PP...## g..


..KggoK #...#P777P7...# .... #...ho.g.. #.>.### #7PP..# ..oK.#..........#...#
7P7..# You could see a gnoll.

Vanquished Creatures
  A hornet (D:8)
  Prince Ribbit (D:5)
  Sigmund (D:3)
  A wyvern (D:8)
  Menkaure (D:4)
  An acid dragon (D:8)
  Edmund (D:5)
  A water moccasin (D:8)
  2 black bears (D:7)
  A sky beast (D:7)
  2 orc warriors
  An ice beast (D:5)
  2 ogres
  2 centaurs
  3 bullfrogs
  A kobold brigand (D:8)
  2 gnoll sergeants (D:8)
  2 scorpions
  5 wights (D:6)
  6 killer bees (D:8)
  A howler monkey (D:8)
  8 orc priests
  7 hounds
  2 jellies
  3 iguanas
  4 orc wizards
  Robin (D:3)
  8 gnolls (D:8)
  3 adders
  2 shadow imps
  A white imp (D:7)
  4 worms
  2 dart slugs
  31 orcs
  3 ball pythons
  4 endoplasms
  7 giant cockroaches
  15 goblins
  13 hobgoblins
  7 jackals
  8 kobolds
  4 quokkas
  4 bats
  3 frilled lizards
  4 rats
186 creatures vanquished.

Vanquished Creatures (others)
  27 plants (D:8)
27 creatures vanquished.

Grand Total: 213 creatures vanquished

Notes
Turn   | Place    | Note
-------+----------+-------------------------------------------
     0 | D:1      | qw the Gargoyle Fighter began the quest for the Orb.
     0 | D:1      | Reached XP level 1. HP: 14/14 MP: 1/1
     0 | D:1      | 0 ||| qw: Version: 0.2-a-12-gaebbb33
     0 | D:1      | 0 ||| qw: Game counter: 1277
     0 | D:1      | 0 ||| qw: Always use a shield: true
     0 | D:1      | 0 ||| qw: God list: Okawaru
     0 | D:1      | 0 ||| qw: Allow faded altars: false
     0 | D:1      | 0 ||| qw: Do Orc after D:15 true
     0 | D:1      | 0 ||| qw: Do second Lair branch before Depths: true
     0 | D:1      | 0 ||| qw: Lair rune preference: random
     0 | D:1      | 0 ||| qw: Plans: Normal, Zot:1-4, God:TSO, Crypt, Tomb,
                  | Pan, Slime:5, Hells, Abyss, Orb
     0 | D:1      | 0 ||| PLANNING D:1-11
    29 | D:1      | Reached skill level 2 in Axes
   255 | D:1      | Reached XP level 2. HP: 19/19 MP: 2/2
   289 | D:1      | Found a faded altar of an unknown god.
   296 | D:1      | 296 ||| Stepping ~*~*~tactically~*~*~ (stealth).
   301 | D:1      | 301 ||| Stepping ~*~*~tactically~*~*~ (stealth).
   302 | D:1      | 302 ||| Stepping ~*~*~tactically~*~*~ (stealth).
   478 | D:1      | 478 ||| Stepping ~*~*~tactically~*~*~ (stealth).
   540 | D:1      | 540 ||| Stepping ~*~*~tactically~*~*~ (stealth).
   541 | D:1      | 541 ||| Stepping ~*~*~tactically~*~*~ (stealth).
   558 | D:1      | 558 ||| Stepping ~*~*~tactically~*~*~ (stealth).
   833 | D:1      | 833 ||| Stepping ~*~*~tactically~*~*~ (stealth).
   849 | D:1      | Reached skill level 3 in Axes
  1054 | D:1      | 1054 ||| UPGRADING to +0 pair of gloves.
  1059 | D:1      | 1059 ||| UPGRADING to +0 helmet.
  1064 | D:1      | 1064 ||| UPGRADING to ring of protection from fire.
  1065 | D:1      | 1065 ||| READING scroll labelled JIHUUG PATYINTOM.
  1066 | D:1      | 1066 ||| READING scroll labelled UFIPTIUHOWI.
  1067 | D:1      | 1067 ||| READING scroll labelled LOYX SYZIRPH.
  1068 | D:1      | 1068 ||| READING scroll labelled AWELEU DOHI.
  1069 | D:1      | 1069 ||| READING 3 scrolls labelled DIEKAU ZASSENO.
  1070 | D:1      | 1070 ||| DRINKING 3 emerald potions.
  1071 | D:1      | 1071 ||| DROPPING 2 scrolls of fear.
  1093 | D:2      | 1093 ||| STAIRDANCE
  1099 | D:1      | Reached XP level 3. HP: 23/23 MP: 3/3
  1102 | D:2      | 1102 ||| STAIRDANCE
  1164 | D:2      | 1164 ||| DROPPING +0 whip.
  1212 | D:2      | Identified the +1 robe of the Purple Skies {rPois}
  1298 | D:2      | 1298 ||| Stepping ~*~*~tactically~*~*~ (hiding).
  1300 | D:2      | 1300 ||| Stepping ~*~*~tactically~*~*~ (hiding).
  1301 | D:2      | 1301 ||| Stepping ~*~*~tactically~*~*~ (hiding).
  1305 | D:2      | Reached skill level 1 in Throwing
  1601 | D:2      | 1601 ||| Stepping ~*~*~tactically~*~*~ (hiding).
  1602 | D:2      | 1602 ||| Stepping ~*~*~tactically~*~*~ (hiding).
  1603 | D:2      | 1603 ||| Stepping ~*~*~tactically~*~*~ (hiding).
  1604 | D:2      | 1604 ||| Stepping ~*~*~tactically~*~*~ (hiding).
  1868 | D:2      | 1868 ||| Stepping ~*~*~tactically~*~*~ (stealth).
  1872 | D:2      | 1872 ||| Stepping ~*~*~tactically~*~*~ (stealth).
  1875 | D:2      | 1875 ||| Stepping ~*~*~tactically~*~*~ (stealth).
  2211 | D:2      | 2211 ||| UPGRADING to +4 ring of protection.
  2212 | D:2      | 2212 ||| READING 3 scrolls labelled CUARAE ZUFREYS.
  2217 | D:2      | 2217 ||| READING 2 scrolls labelled OMPIEL BYUST.
  2218 | D:2      | 2218 ||| DRINKING 2 clear potions.
  2219 | D:2      | 2219 ||| DROPPING potion of brilliance.
  2336 | D:3      | 2336 ||| Stepping ~*~*~tactically~*~*~ (stealth).
  2341 | D:3      | Reached XP level 4. HP: 28/28 MP: 4/4
  2402 | D:3      | 2402 ||| Stepping ~*~*~tactically~*~*~ (hiding).
  2414 | D:3      | Reached skill level 4 in Axes
  2452 | D:3      | Identified the +0 leather armour of the Sky {Harm *Slow
                  | rN++ Int-3}
  2504 | D:3      | 2504 ||| Stepping ~*~*~tactically~*~*~ (stealth).
  2505 | D:3      | 2505 ||| Stepping ~*~*~tactically~*~*~ (stealth).
  2507 | D:3      | 2507 ||| Stepping ~*~*~tactically~*~*~ (stealth).
  2509 | D:3      | 2509 ||| Stepping ~*~*~tactically~*~*~ (stealth).
  2510 | D:3      | 2510 ||| Stepping ~*~*~tactically~*~*~ (stealth).
  2511 | D:3      | 2511 ||| Stepping ~*~*~tactically~*~*~ (stealth).
  2537 | D:3      | Noticed Robin
  2538 | D:3      | 2538 ||| Stepping ~*~*~tactically~*~*~ (hiding).
  2558 | D:3      | Killed Robin
  2559 | D:3      | Reached XP level 5. HP: 21/32 MP: 5/5
  2692 | D:3      | 2692 ||| Stepping ~*~*~tactically~*~*~ (stealth).
  2701 | D:3      | 2701 ||| READING scroll of enchant armour.
  2701 | D:3      | 2701 ||| ENCHANTING +0 pair of gloves.
  2729 | D:3      | Noticed Sigmund
  2730 | D:3      | 2730 ||| Stepping ~*~*~tactically~*~*~ (hiding).
  2734 | D:3      | 2734 ||| DRINKING potion of curing.
  2734 | D:3      | 2734 ||| (to cure confusion)
  2775 | D:3      | Killed Sigmund
  2776 | D:3      | Reached skill level 5 in Axes
  2776 | D:3      | Reached XP level 6. HP: 25/37 MP: 6/6
  2935 | D:3      | 2935 ||| DRINKING potion of curing.
  2935 | D:3      | 2935 ||| (to cure confusion)
  3049 | D:3      | 3049 ||| Stepping ~*~*~tactically~*~*~ (stealth).
  3213 | D:3      | 3213 ||| UPGRADING to +2 pair of gloves.
  3223 | D:3      | 3223 ||| DROPPING +1 pair of gloves.
  3224 | D:3      | 3224 ||| DROPPING +0 leather armour of the Sky {Harm *Slow
                  | rN++ Int-3}.
  3225 | D:3      | 3225 ||| READING scroll labelled QIXIOSOETA.
  3226 | D:3      | 3226 ||| READING 2 scrolls of identify.
  3226 | D:3      | 3226 ||| IDENTIFYING murky green potion
  3227 | D:3      | 3227 ||| DROPPING potion of degeneration.
  3262 | D:4      | 3262 ||| Stepping ~*~*~tactically~*~*~ (hiding).
  3263 | D:4      | 3263 ||| Stepping ~*~*~tactically~*~*~ (hiding).
  3270 | D:4      | Reached skill level 1 in Dodging
  3490 | D:4      | 3490 ||| Stepping ~*~*~tactically~*~*~ (stealth).
  3494 | D:4      | 3494 ||| Stepping ~*~*~tactically~*~*~ (stealth).
  3495 | D:4      | 3495 ||| Stepping ~*~*~tactically~*~*~ (stealth).
  3536 | D:4      | 3536 ||| Stepping ~*~*~tactically~*~*~ (stealth).
  3545 | D:4      | Reached skill level 6 in Axes
  3545 | D:4      | Reached XP level 7. HP: 39/43 MP: 7/7
  3572 | D:4      | Found a staircase to the Ecumenical Temple.
  3573 | D:4      | 3573 ||| PLANNING TEMPLE
  3573 | D:4      | 3573 ||| DRINKING 2 lumpy sapphire potions.
  3574 | D:4      | 3574 ||| READING 2 scrolls of identify.
  3574 | D:4      | 3574 ||| IDENTIFYING puce potion
  3585 | Temple   | Entered the Ecumenical Temple
  3628 | Temple   | 3628 ||| PLANNING OKAWARU WORSHIP
  3785 | Temple   | Became a worshipper of Warmaster Okawaru
  3786 | Temple   | 3786 ||| PLANNING D:1-11
  3867 | D:4      | 3867 ||| Stepping ~*~*~tactically~*~*~ (stealth).
  3922 | D:4      | 3922 ||| Stepping ~*~*~tactically~*~*~ (stealth).
  3942 | D:4      | Noticed Menkaure
  3949 | D:4      | Killed Menkaure
  4131 | D:4      | 4131 ||| UPGRADING to +1 cloak.
  4136 | D:4      | 4136 ||| READING scroll labelled OVVOYPN XADI.
  4137 | D:4      | 4137 ||| READING scroll labelled YBAGGE HAERI.
  4152 | D:5      | Entered Level 5 of the Dungeon
  4179 | D:5      | Reached * piety under Okawaru
  4223 | D:5      | 4223 ||| READING scroll of brand weapon.
  4223 | D:5      | 4223 ||| BRANDING +0 war axe of protection.
  4224 | D:5      | 4224 ||| DROPPING +0 flail.
  4254 | D:5      | Noticed Prince Ribbit
  4257 | D:5      | 4257 ||| INVOKING Heroism.
  4258 | D:5      | 4258 ||| INVOKING Heroism.
  4270 | D:5      | 4270 ||| INVOKING Heroism.
  4283 | D:5      | 4283 ||| INVOKING Heroism.
  4286 | D:5      | Killed Prince Ribbit
  4287 | D:5      | Reached skill level 7 in Axes
  4287 | D:5      | Reached XP level 8. HP: 48/48 MP: 3/8
  4396 | D:5      | 4396 ||| FLEEEEING.
  4397 | D:5      | 4397 ||| FLEEEEING.
  4398 | D:5      | 4398 ||| FLEEEEING.
  4399 | D:5      | 4399 ||| FLEEEEING.
  4400 | D:5      | 4400 ||| FLEEEEING.
  4401 | D:5      | 4401 ||| FLEEEEING.
  4402 | D:5      | 4402 ||| FLEEEEING.
  4403 | D:5      | 4403 ||| FLEEEEING.
  4404 | D:5      | 4404 ||| FLEEEEING.
  4405 | D:5      | 4405 ||| FLEEEEING.
  4406 | D:5      | 4406 ||| FLEEEEING.
  4407 | D:5      | 4407 ||| FLEEEEING.
  4408 | D:5      | 4408 ||| FLEEEEING.
  4409 | D:5      | 4409 ||| FLEEEEING.
  4410 | D:5      | 4410 ||| FLEEEEING.
  4411 | D:5      | 4411 ||| FLEEEEING.
  4412 | D:5      | 4412 ||| FLEEEEING.
  4413 | D:5      | 4413 ||| FLEEEEING.
  4414 | D:5      | 4414 ||| FLEEEEING.
  4415 | D:5      | 4415 ||| FLEEEEING.
  4416 | D:5      | 4416 ||| STAIRDANCE
  4465 | D:5      | 4465 ||| STAIRDANCE
  4473 | D:5      | 4473 ||| INVOKING Heroism.
  4474 | D:5      | 4474 ||| INVOKING Heroism.
  4481 | D:5      | Reached skill level 1 in Invocations
  4676 | D:5      | 4676 ||| Stepping ~*~*~tactically~*~*~ (stealth).
  4677 | D:5      | 4677 ||| Stepping ~*~*~tactically~*~*~ (stealth).
  4679 | D:5      | 4679 ||| Stepping ~*~*~tactically~*~*~ (stealth).
  4680 | D:5      | 4680 ||| Stepping ~*~*~tactically~*~*~ (stealth).
  4685 | D:5      | 4685 ||| INVOKING Heroism.
  5014 | D:5      | Noticed Edmund
  5015 | D:5      | 5015 ||| INVOKING Heroism.
  5020 | D:5      | Killed Edmund
  5021 | D:5      | Reached skill level 3 in Invocations
  5202 | D:5      | 5202 ||| UPGRADING to +0 chain mail.
  5212 | D:5      | 5212 ||| DROPPING +0 scale mail.
  5213 | D:5      | 5213 ||| DROPPING amulet of magic regeneration.
  5214 | D:5      | 5214 ||| READING scroll labelled ORIDGH FOUTO.
  5247 | D:6      | 5247 ||| Stepping ~*~*~tactically~*~*~ (stealth).
  5256 | D:6      | 5256 ||| INVOKING Heroism.
  5384 | D:6      | 5384 ||| INVOKING Heroism.
  5386 | D:6      | Reached skill level 8 in Axes
  5609 | D:6      | Reached XP level 9. HP: 54/54 MP: 12/12
  5632 | D:6      | Reached skill level 6 in Fighting
  5676 | D:6      | Reached ** piety under Okawaru
  5720 | D:6      | Found a shimmering blue altar of Sif Muna.
  5740 | D:6      | 5740 ||| INVOKING Heroism.
  5784 | D:6      | Found a broken altar of Ashenzari.
  5830 | D:6      | 5830 ||| Stepping ~*~*~tactically~*~*~ (stealth).
  5832 | D:6      | 5832 ||| Stepping ~*~*~tactically~*~*~ (stealth).
  5834 | D:6      | 5834 ||| Stepping ~*~*~tactically~*~*~ (hiding).
  6133 | D:6      | 6133 ||| Stepping ~*~*~tactically~*~*~ (hiding).
  6134 | D:6      | 6134 ||| Stepping ~*~*~tactically~*~*~ (hiding).
  6237 | D:6      | 6237 ||| UPGRADING to +0 plate armour.
  6247 | D:6      | 6247 ||| DROPPING +0 chain mail.
  6248 | D:6      | 6248 ||| READING scroll labelled CIQEQETHAO.
  6280 | D:7      | 6280 ||| Stepping ~*~*~tactically~*~*~ (hiding).
  6350 | D:7      | 6350 ||| Stepping ~*~*~tactically~*~*~ (stealth).
  6351 | D:7      | 6351 ||| Stepping ~*~*~tactically~*~*~ (stealth).
  6353 | D:7      | 6353 ||| INVOKING Heroism.
  6434 | D:7      | 6434 ||| INVOKING Heroism.
  6450 | D:7      | 6450 ||| INVOKING Heroism.
  6718 | D:7      | 6718 ||| INVOKING Heroism.
  6898 | D:7      | 6898 ||| INVOKING Heroism.
  6900 | D:7      | Reached skill level 9 in Axes
  7157 | D:7      | 7157 ||| UPGRADING to +0 pair of boots.
  7162 | D:7      | 7162 ||| DROPPING amulet of faith.
  7163 | D:7      | 7163 ||| DROPPING ring of flight.
  7164 | D:7      | 7164 ||| READING 3 scrolls labelled CUHIOCV WAERU.
  7164 | D:7      | Identified 3 scrolls of acquirement
  7164 | D:7      | 7164 ||| ACQUIRING amulet of Suspected Treachery {Acrobat
                  | Int+4 Dex+2}
  7164 | D:7      | Acquired the amulet of Suspected Treachery {Acrobat Int+4
                  | Dex+2}
  7166 | D:7      | 7166 ||| UPGRADING to amulet of Suspected Treachery
                  | {Acrobat Int+4 Dex+2}.
  7171 | D:7      | 7171 ||| READING 2 scrolls of acquirement.
  7171 | D:7      | 7171 ||| ACQUIRING amulet "Vozipi Medwy" {Spirit Harm Fly
                  | rElec Will-}
  7171 | D:7      | Acquired the amulet "Vozipi Medwy" {Spirit Harm Fly rElec
                  | Will-}
  7173 | D:7      | 7173 ||| READING scroll of acquirement.
  7173 | D:7      | 7173 ||| ACQUIRING +4 vampiric broad axe
  7173 | D:7      | Acquired a +4 vampiric broad axe
  7175 | D:7      | 7175 ||| SWAPPING to +4 vampiric broad axe.
  7176 | D:7      | 7176 ||| READING 2 scrolls of identify.
  7176 | D:7      | 7176 ||| IDENTIFYING fizzy amethyst potion
  7243 | D:8      | Noticed a hornet
  7256 | D:8      | Killed a hornet
  7257 | D:8      | Reached skill level 6 in Armour
  7341 | D:8      | 7341 ||| READING scroll of acquirement.
  7341 | D:8      | 7341 ||| ACQUIRING amulet of regeneration
  7341 | D:8      | Acquired an amulet of regeneration
  7343 | D:8      | 7343 ||| UPGRADING to amulet of regeneration.
  7365 | D:8      | Found a sparkling altar of Nemelex Xobeh.
  7494 | D:8      | 7494 ||| Stepping ~*~*~tactically~*~*~ (hiding).
  7495 | D:8      | 7495 ||| Stepping ~*~*~tactically~*~*~ (hiding).
  7499 | D:8      | 7499 ||| Stepping ~*~*~tactically~*~*~ (hiding).
  7500 | D:8      | 7500 ||| Stepping ~*~*~tactically~*~*~ (hiding).
  7501 | D:8      | 7501 ||| INVOKING Heroism.
  7674 | D:8      | Reached skill level 3 in Throwing
  7677 | D:8      | 7677 ||| INVOKING Heroism.
  7688 | D:8      | Reached XP level 10. HP: 62/63 MP: 11/13
  7691 | D:8      | Reached *** piety under Okawaru
  7741 | D:8      | 7741 ||| Stepping ~*~*~tactically~*~*~ (hiding).
  7744 | D:8      | 7744 ||| INVOKING Heroism.
  7795 | D:8      | 7795 ||| Stepping ~*~*~tactically~*~*~ (hiding).
  7809 | D:8      | 7809 ||| Stepping ~*~*~tactically~*~*~ (stealth).
  7818 | D:8      | 7818 ||| Stepping ~*~*~tactically~*~*~ (stealth).
  7875 | D:8      | 7875 ||| Stepping ~*~*~tactically~*~*~ (hiding).
  7876 | D:8      | 7876 ||| Stepping ~*~*~tactically~*~*~ (hiding).
  8120 | D:8      | 8120 ||| UPGRADING to +0 kite shield.
  8121 | D:8      | 8121 ||| UPGRADING to +0 kite shield.
  8138 | D:8      | 8138 ||| DROPPING +0 buckler.
  8139 | D:8      | 8139 ||| DROPPING amulet of Suspected Treachery {Acrobat
                  | Int+4 Dex+2}.
  8140 | D:8      | 8140 ||| DROPPING amulet "Vozipi Medwy" {Spirit Harm Fly
                  | rElec Will-}.
  8141 | D:8      | 8141 ||| UPGRADING to amulet of reflection.
  8151 | D:8      | 8151 ||| DROPPING amulet of regeneration.
  8152 | D:8      | 8152 ||| DRINKING 2 murky emerald potions.
  8153 | D:8      | 8153 ||| DRINKING 2 brown potions.
  8178 | D:8      | 8178 ||| DROPPING potion of invisibility.
  8179 | D:8      | 8179 ||| READING 3 scrolls of teleportation.
  8259 | D:8      | 8259 ||| READING 2 scrolls of teleportation.
  8313 | D:8      | 8313 ||| READING scroll of teleportation.
  8364 | D:8      | 8364 ||| Stepping randomly (stuck).
  8366 | D:8      | 8366 ||| Stepping randomly (stuck).
  8367 | D:8      | 8367 ||| Stepping randomly (stuck).
  8368 | D:8      | 8368 ||| Stepping randomly (stuck).
  8369 | D:8      | 8369 ||| Stepping randomly (stuck).
  8370 | D:8      | 8370 ||| Stepping randomly (stuck).
  8371 | D:8      | 8371 ||| Stepping randomly (stuck).
  8372 | D:8      | 8372 ||| Stepping randomly (stuck).
  8373 | D:8      | 8373 ||| Stepping randomly (stuck).
  8374 | D:8      | 8374 ||| Stepping randomly (stuck).
  8376 | D:8      | 8376 ||| Stepping randomly (stuck).
  8378 | D:8      | 8378 ||| Stepping randomly (stuck).
  8380 | D:8      | 8380 ||| Stepping randomly (stuck).
  8381 | D:8      | 8381 ||| Stepping randomly (stuck).
  8382 | D:8      | 8382 ||| Stepping randomly (stuck).
  8383 | D:8      | 8383 ||| Stepping randomly (stuck).
  8384 | D:8      | 8384 ||| Stepping randomly (stuck).
  8385 | D:8      | 8385 ||| Stepping randomly (stuck).
  8386 | D:8      | 8386 ||| Stepping randomly (stuck).
  8387 | D:8      | 8387 ||| Stepping randomly (stuck).
  8388 | D:8      | 8388 ||| Stepping randomly (stuck).
  8389 | D:8      | 8389 ||| Stepping randomly (stuck).
  8390 | D:8      | 8390 ||| Stepping randomly (stuck).
  8391 | D:8      | 8391 ||| Stepping randomly (stuck).
  8392 | D:8      | 8392 ||| Stepping randomly (stuck).
  8398 | D:8      | 8398 ||| Stepping randomly (stuck).
  8399 | D:8      | 8399 ||| Stepping randomly (stuck).
  8400 | D:8      | 8400 ||| Stepping randomly (stuck).
  8401 | D:8      | 8401 ||| Stepping randomly (stuck).
  8402 | D:8      | 8402 ||| Stepping randomly (stuck).
  8403 | D:8      | 8403 ||| Stepping randomly (stuck).
  8404 | D:8      | 8404 ||| Stepping randomly (stuck).
  8405 | D:8      | 8405 ||| Stepping randomly (stuck).
  8406 | D:8      | 8406 ||| Stepping randomly (stuck).
  8407 | D:8      | 8407 ||| Stepping randomly (stuck).
  8408 | D:8      | 8408 ||| Stepping randomly (stuck).
  8410 | D:8      | 8410 ||| Stepping randomly (stuck).
  8411 | D:8      | 8411 ||| Stepping randomly (stuck).
  8413 | D:8      | 8413 ||| Stepping randomly (stuck).
  8414 | D:8      | 8414 ||| Stepping randomly (stuck).
  8415 | D:8      | 8415 ||| Stepping randomly (stuck).
  8416 | D:8      | 8416 ||| Stepping randomly (stuck).
  8417 | D:8      | 8417 ||| Stepping randomly (stuck).
  8418 | D:8      | 8418 ||| Stepping randomly (stuck).
  8419 | D:8      | 8419 ||| Stepping randomly (stuck).
  8420 | D:8      | 8420 ||| Stepping randomly (stuck).
  8426 | D:8      | 8426 ||| Stepping randomly (stuck).
  8427 | D:8      | 8427 ||| Stepping randomly (stuck).
  8438 | D:8      | 8438 ||| Stepping randomly (stuck).
  8439 | D:8      | 8439 ||| Stepping randomly (stuck).
  8440 | D:8      | 8440 ||| Stepping randomly (stuck).
  8441 | D:8      | 8441 ||| Stepping randomly (stuck).
  8442 | D:8      | 8442 ||| Stepping randomly (stuck).
  8443 | D:8      | 8443 ||| Stepping randomly (stuck).
  8444 | D:8      | 8444 ||| Stepping randomly (stuck).
  8445 | D:8      | 8445 ||| Stepping randomly (stuck).
  8446 | D:8      | 8446 ||| Stepping randomly (stuck).
  8447 | D:8      | 8447 ||| Stepping randomly (stuck).
  8448 | D:8      | 8448 ||| Stepping randomly (stuck).
  8449 | D:8      | 8449 ||| Stepping randomly (stuck).
  8451 | D:8      | 8451 ||| Stepping randomly (stuck).
  8453 | D:8      | 8453 ||| Stepping randomly (stuck).
  8454 | D:8      | 8454 ||| Stepping randomly (stuck).
  8455 | D:8      | 8455 ||| Stepping randomly (stuck).
  8456 | D:8      | 8456 ||| Stepping randomly (stuck).
  8457 | D:8      | 8457 ||| Stepping randomly (stuck).
  8458 | D:8      | 8458 ||| Stepping randomly (stuck).
  8459 | D:8      | 8459 ||| Stepping randomly (stuck).
  8460 | D:8      | 8460 ||| Stepping randomly (stuck).
  8461 | D:8      | 8461 ||| Stepping randomly (stuck).
  8462 | D:8      | 8462 ||| Stepping randomly (stuck).
  8463 | D:8      | 8463 ||| Stepping randomly (stuck).
  8464 | D:8      | 8464 ||| Stepping randomly (stuck).
  8465 | D:8      | 8465 ||| Stepping randomly (stuck).
  8466 | D:8      | 8466 ||| Stepping randomly (stuck).
  8467 | D:8      | 8467 ||| Stepping randomly (stuck).
  8468 | D:8      | 8468 ||| Stepping randomly (stuck).
  8469 | D:8      | 8469 ||| Stepping randomly (stuck).
  8470 | D:8      | 8470 ||| Stepping randomly (stuck).
  8471 | D:8      | 8471 ||| Stepping randomly (stuck).
  8472 | D:8      | 8472 ||| Stepping randomly (stuck).
  8473 | D:8      | 8473 ||| Stepping randomly (stuck).
  8474 | D:8      | 8474 ||| Stepping randomly (stuck).
  8475 | D:8      | 8475 ||| Stepping randomly (stuck).
  8476 | D:8      | 8476 ||| Stepping randomly (stuck).
  8477 | D:8      | 8477 ||| Stepping randomly (stuck).
  8478 | D:8      | 8478 ||| Stepping randomly (stuck).
  8479 | D:8      | 8479 ||| Stepping randomly (stuck).
  8480 | D:8      | 8480 ||| Stepping randomly (stuck).
  8481 | D:8      | 8481 ||| Stepping randomly (stuck).
  8482 | D:8      | 8482 ||| Stepping randomly (stuck).
  8483 | D:8      | 8483 ||| Stepping randomly (stuck).
  8484 | D:8      | 8484 ||| Stepping randomly (stuck).
  8485 | D:8      | 8485 ||| Stepping randomly (stuck).
  8486 | D:8      | 8486 ||| Stepping randomly (stuck).
  8487 | D:8      | 8487 ||| Stepping randomly (stuck).
  8488 | D:8      | 8488 ||| Stepping randomly (stuck).
  8489 | D:8      | 8489 ||| Stepping randomly (stuck).
  8490 | D:8      | 8490 ||| Stepping randomly (stuck).
  8491 | D:8      | 8491 ||| Stepping randomly (stuck).
  8492 | D:8      | 8492 ||| Stepping randomly (stuck).
  8493 | D:8      | 8493 ||| Stepping randomly (stuck).
  8494 | D:8      | 8494 ||| Stepping randomly (stuck).
  8495 | D:8      | 8495 ||| Stepping randomly (stuck).
  8496 | D:8      | 8496 ||| Stepping randomly (stuck).
  8497 | D:8      | 8497 ||| Stepping randomly (stuck).
  8498 | D:8      | 8498 ||| Stepping randomly (stuck).
  8499 | D:8      | 8499 ||| Stepping randomly (stuck).
  8500 | D:8      | 8500 ||| Stepping randomly (stuck).
  8501 | D:8      | 8501 ||| Stepping randomly (stuck).
  8502 | D:8      | 8502 ||| Stepping randomly (stuck).
  8503 | D:8      | 8503 ||| Stepping randomly (stuck).
  8504 | D:8      | 8504 ||| Stepping randomly (stuck).
  8505 | D:8      | 8505 ||| Stepping randomly (stuck).
  8506 | D:8      | 8506 ||| Stepping randomly (stuck).
  8507 | D:8      | 8507 ||| Stepping randomly (stuck).
  8508 | D:8      | 8508 ||| Stepping randomly (stuck).
  8509 | D:8      | 8509 ||| Stepping randomly (stuck).
  8510 | D:8      | 8510 ||| Stepping randomly (stuck).
  8511 | D:8      | 8511 ||| Stepping randomly (stuck).
  8512 | D:8      | 8512 ||| Stepping randomly (stuck).
  8513 | D:8      | 8513 ||| Stepping randomly (stuck).
  8514 | D:8      | 8514 ||| Stepping randomly (stuck).
  8515 | D:8      | 8515 ||| Stepping randomly (stuck).
  8516 | D:8      | 8516 ||| Stepping randomly (stuck).
  8517 | D:8      | 8517 ||| Stepping randomly (stuck).
  8518 | D:8      | 8518 ||| Stepping randomly (stuck).
  8519 | D:8      | 8519 ||| Stepping randomly (stuck).
  8521 | D:8      | 8521 ||| Stepping randomly (stuck).
  8522 | D:8      | 8522 ||| Stepping randomly (stuck).
  8524 | D:8      | 8524 ||| Stepping randomly (stuck).
  8525 | D:8      | 8525 ||| Stepping randomly (stuck).
  8526 | D:8      | 8526 ||| Stepping randomly (stuck).
  8528 | D:8      | 8528 ||| Stepping randomly (stuck).
  8529 | D:8      | 8529 ||| Stepping randomly (stuck).
  8530 | D:8      | 8530 ||| Stepping randomly (stuck).
  8531 | D:8      | 8531 ||| Stepping randomly (stuck).
  8532 | D:8      | 8532 ||| Stepping randomly (stuck).
  8534 | D:8      | 8534 ||| Stepping randomly (stuck).
  8536 | D:8      | 8536 ||| Stepping randomly (stuck).
  8537 | D:8      | 8537 ||| Stepping randomly (stuck).
  8539 | D:8      | 8539 ||| Stepping randomly (stuck).
  8540 | D:8      | 8540 ||| Stepping randomly (stuck).
  8542 | D:8      | 8542 ||| Stepping randomly (stuck).
  8543 | D:8      | 8543 ||| Stepping randomly (stuck).
  8544 | D:8      | 8544 ||| Stepping randomly (stuck).
  8545 | D:8      | 8545 ||| Stepping randomly (stuck).
  8547 | D:8      | 8547 ||| Stepping randomly (stuck).
  8549 | D:8      | 8549 ||| Stepping randomly (stuck).
  8550 | D:8      | 8550 ||| Stepping randomly (stuck).
  8551 | D:8      | 8551 ||| Stepping randomly (stuck).
  8552 | D:8      | 8552 ||| Stepping randomly (stuck).
  8553 | D:8      | 8553 ||| Stepping randomly (stuck).
  8554 | D:8      | 8554 ||| Stepping randomly (stuck).
  8555 | D:8      | 8555 ||| Stepping randomly (stuck).
  8556 | D:8      | 8556 ||| Stepping randomly (stuck).
  8557 | D:8      | 8557 ||| Stepping randomly (stuck).
  8558 | D:8      | 8558 ||| Stepping randomly (stuck).
  8559 | D:8      | 8559 ||| Stepping randomly (stuck).
  8560 | D:8      | 8560 ||| Stepping randomly (stuck).
  8561 | D:8      | 8561 ||| Stepping randomly (stuck).
  8562 | D:8      | 8562 ||| Stepping randomly (stuck).
  8563 | D:8      | 8563 ||| Stepping randomly (stuck).
  8564 | D:8      | 8564 ||| Stepping randomly (stuck).
  8565 | D:8      | 8565 ||| Stepping randomly (stuck).
  8566 | D:8      | 8566 ||| Stepping randomly (stuck).
  8567 | D:8      | 8567 ||| Stepping randomly (stuck).
  8568 | D:8      | 8568 ||| Stepping randomly (stuck).
  8569 | D:8      | 8569 ||| Stepping randomly (stuck).
  8570 | D:8      | 8570 ||| Stepping randomly (stuck).
  8571 | D:8      | 8571 ||| Stepping randomly (stuck).
  8572 | D:8      | 8572 ||| Stepping randomly (stuck).
  8573 | D:8      | 8573 ||| Stepping randomly (stuck).
  8574 | D:8      | 8574 ||| Stepping randomly (stuck).
  8575 | D:8      | 8575 ||| Stepping randomly (stuck).
  8576 | D:8      | 8576 ||| Stepping randomly (stuck).
  8577 | D:8      | 8577 ||| Stepping randomly (stuck).
  8578 | D:8      | 8578 ||| Stepping randomly (stuck).
  8579 | D:8      | 8579 ||| Stepping randomly (stuck).
  8580 | D:8      | 8580 ||| Stepping randomly (stuck).
  8581 | D:8      | 8581 ||| Stepping randomly (stuck).
  8582 | D:8      | 8582 ||| Stepping randomly (stuck).
  8583 | D:8      | 8583 ||| Stepping randomly (stuck).
  8586 | D:8      | 8586 ||| Stepping randomly (stuck).
  8587 | D:8      | 8587 ||| Stepping randomly (stuck).
  8588 | D:8      | 8588 ||| Stepping randomly (stuck).
  8589 | D:8      | 8589 ||| Stepping randomly (stuck).
  8590 | D:8      | 8590 ||| Stepping randomly (stuck).
  8591 | D:8      | 8591 ||| Stepping randomly (stuck).
  8592 | D:8      | 8592 ||| Stepping randomly (stuck).
  8593 | D:8      | 8593 ||| Stepping randomly (stuck).
  8594 | D:8      | 8594 ||| Stepping randomly (stuck).
  8595 | D:8      | 8595 ||| Stepping randomly (stuck).
  8596 | D:8      | 8596 ||| Stepping randomly (stuck).
  8597 | D:8      | 8597 ||| Stepping randomly (stuck).
  8598 | D:8      | 8598 ||| Stepping randomly (stuck).
  8599 | D:8      | 8599 ||| Stepping randomly (stuck).
  8600 | D:8      | 8600 ||| Stepping randomly (stuck).
  8601 | D:8      | 8601 ||| Stepping randomly (stuck).
  8602 | D:8      | 8602 ||| Stepping randomly (stuck).
  8603 | D:8      | 8603 ||| Stepping randomly (stuck).
  8604 | D:8      | 8604 ||| Stepping randomly (stuck).
  8605 | D:8      | 8605 ||| Stepping randomly (stuck).
  8606 | D:8      | 8606 ||| Stepping randomly (stuck).
  8607 | D:8      | 8607 ||| Stepping randomly (stuck).
  8608 | D:8      | 8608 ||| Stepping randomly (stuck).
  8609 | D:8      | 8609 ||| Stepping randomly (stuck).
  8610 | D:8      | 8610 ||| Stepping randomly (stuck).
  8611 | D:8      | 8611 ||| Stepping randomly (stuck).
  8612 | D:8      | 8612 ||| Stepping randomly (stuck).
  8613 | D:8      | 8613 ||| Stepping randomly (stuck).
  8614 | D:8      | 8614 ||| Stepping randomly (stuck).
  8615 | D:8      | 8615 ||| Stepping randomly (stuck).
  8616 | D:8      | 8616 ||| Stepping randomly (stuck).
  8617 | D:8      | 8617 ||| Stepping randomly (stuck).
  8618 | D:8      | 8618 ||| Stepping randomly (stuck).
  8619 | D:8      | 8619 ||| Stepping randomly (stuck).
  8620 | D:8      | 8620 ||| Stepping randomly (stuck).
  8621 | D:8      | 8621 ||| Stepping randomly (stuck).
  8622 | D:8      | 8622 ||| Stepping randomly (stuck).
  8623 | D:8      | 8623 ||| Stepping randomly (stuck).
  8624 | D:8      | 8624 ||| Stepping randomly (stuck).
  8625 | D:8      | 8625 ||| Stepping randomly (stuck).
  8626 | D:8      | 8626 ||| Stepping randomly (stuck).
  8627 | D:8      | 8627 ||| Stepping randomly (stuck).
  8628 | D:8      | 8628 ||| Stepping randomly (stuck).
  8629 | D:8      | 8629 ||| Stepping randomly (stuck).
  8630 | D:8      | 8630 ||| Stepping randomly (stuck).
  8631 | D:8      | 8631 ||| Stepping randomly (stuck).
  8632 | D:8      | 8632 ||| Stepping randomly (stuck).
  8633 | D:8      | 8633 ||| Stepping randomly (stuck).
  8634 | D:8      | 8634 ||| Stepping randomly (stuck).
  8635 | D:8      | 8635 ||| Stepping randomly (stuck).
  8636 | D:8      | 8636 ||| Stepping randomly (stuck).
  8637 | D:8      | 8637 ||| Stepping randomly (stuck).
  8638 | D:8      | 8638 ||| Stepping randomly (stuck).
  8639 | D:8      | 8639 ||| Stepping randomly (stuck).
  8640 | D:8      | 8640 ||| Stepping randomly (stuck).
  8641 | D:8      | 8641 ||| Stepping randomly (stuck).
  8642 | D:8      | 8642 ||| Stepping randomly (stuck).
  8643 | D:8      | 8643 ||| Stepping randomly (stuck).
  8646 | D:8      | 8646 ||| Stepping randomly (stuck).
  8648 | D:8      | 8648 ||| Stepping randomly (stuck).
  8649 | D:8      | 8649 ||| Stepping randomly (stuck).
  8650 | D:8      | 8650 ||| Stepping randomly (stuck).
  8651 | D:8      | 8651 ||| Stepping randomly (stuck).
  8652 | D:8      | 8652 ||| Stepping randomly (stuck).
  8653 | D:8      | 8653 ||| Stepping randomly (stuck).
  8654 | D:8      | 8654 ||| Stepping randomly (stuck).
  8655 | D:8      | 8655 ||| Stepping randomly (stuck).
  8656 | D:8      | 8656 ||| Stepping randomly (stuck).
  8657 | D:8      | 8657 ||| Stepping randomly (stuck).
  8658 | D:8      | 8658 ||| Stepping randomly (stuck).
  8659 | D:8      | 8659 ||| Stepping randomly (stuck).
  8660 | D:8      | 8660 ||| Stepping randomly (stuck).
  8661 | D:8      | 8661 ||| Stepping randomly (stuck).
  8662 | D:8      | 8662 ||| Stepping randomly (stuck).
  8663 | D:8      | 8663 ||| Stepping randomly (stuck).
  8665 | D:8      | 8665 ||| Stepping randomly (stuck).
  8666 | D:8      | 8666 ||| Stepping randomly (stuck).
  8668 | D:8      | 8668 ||| Stepping randomly (stuck).
  8669 | D:8      | 8669 ||| Stepping randomly (stuck).
  8670 | D:8      | 8670 ||| Stepping randomly (stuck).
  8671 | D:8      | 8671 ||| Stepping randomly (stuck).
  8672 | D:8      | 8672 ||| Stepping randomly (stuck).
  8673 | D:8      | 8673 ||| Stepping randomly (stuck).
  8674 | D:8      | 8674 ||| Stepping randomly (stuck).
  8675 | D:8      | 8675 ||| Stepping randomly (stuck).
  8676 | D:8      | 8676 ||| Stepping randomly (stuck).
  8678 | D:8      | 8678 ||| Stepping randomly (stuck).
  8680 | D:8      | 8680 ||| Stepping randomly (stuck).
  8681 | D:8      | 8681 ||| Stepping randomly (stuck).
  8682 | D:8      | 8682 ||| Stepping randomly (stuck).
  8684 | D:8      | 8684 ||| Stepping randomly (stuck).
  8685 | D:8      | 8685 ||| Stepping randomly (stuck).
  8686 | D:8      | 8686 ||| Stepping randomly (stuck).
  8687 | D:8      | 8687 ||| Stepping randomly (stuck).
  8688 | D:8      | 8688 ||| Stepping randomly (stuck).
  8689 | D:8      | 8689 ||| Stepping randomly (stuck).
  8690 | D:8      | 8690 ||| Stepping randomly (stuck).
  8691 | D:8      | 8691 ||| Stepping randomly (stuck).
  8692 | D:8      | 8692 ||| Stepping randomly (stuck).
  8693 | D:8      | 8693 ||| Stepping randomly (stuck).
  8694 | D:8      | 8694 ||| Stepping randomly (stuck).
  8695 | D:8      | 8695 ||| Stepping randomly (stuck).
  8696 | D:8      | 8696 ||| Stepping randomly (stuck).
  8697 | D:8      | 8697 ||| Stepping randomly (stuck).
  8698 | D:8      | 8698 ||| Stepping randomly (stuck).
  8699 | D:8      | 8699 ||| Stepping randomly (stuck).
  8700 | D:8      | 8700 ||| Stepping randomly (stuck).
  8701 | D:8      | 8701 ||| Stepping randomly (stuck).
  8702 | D:8      | 8702 ||| Stepping randomly (stuck).
  8703 | D:8      | 8703 ||| Stepping randomly (stuck).
  8704 | D:8      | 8704 ||| Stepping randomly (stuck).
  8705 | D:8      | 8705 ||| Stepping randomly (stuck).
  8706 | D:8      | 8706 ||| Stepping randomly (stuck).
  8708 | D:8      | 8708 ||| Stepping randomly (stuck).
  8709 | D:8      | 8709 ||| Stepping randomly (stuck).
  8710 | D:8      | 8710 ||| Stepping randomly (stuck).
  8711 | D:8      | 8711 ||| Stepping randomly (stuck).
  8712 | D:8      | 8712 ||| Stepping randomly (stuck).
  8713 | D:8      | 8713 ||| Stepping randomly (stuck).
  8714 | D:8      | 8714 ||| Stepping randomly (stuck).
  8715 | D:8      | 8715 ||| Stepping randomly (stuck).
  8716 | D:8      | 8716 ||| Stepping randomly (stuck).
  8717 | D:8      | 8717 ||| Stepping randomly (stuck).
  8718 | D:8      | 8718 ||| Stepping randomly (stuck).
  8719 | D:8      | 8719 ||| Stepping randomly (stuck).
  8720 | D:8      | 8720 ||| Stepping randomly (stuck).
  8721 | D:8      | 8721 ||| Stepping randomly (stuck).
  8722 | D:8      | 8722 ||| Stepping randomly (stuck).
  8723 | D:8      | 8723 ||| Stepping randomly (stuck).
  8724 | D:8      | 8724 ||| Stepping randomly (stuck).
  8725 | D:8      | 8725 ||| Stepping randomly (stuck).
  8726 | D:8      | 8726 ||| Stepping randomly (stuck).
  8727 | D:8      | 8727 ||| Stepping randomly (stuck).
  8728 | D:8      | 8728 ||| Stepping randomly (stuck).
  8729 | D:8      | 8729 ||| Stepping randomly (stuck).
  8730 | D:8      | 8730 ||| Stepping randomly (stuck).
  8733 | D:8      | 8733 ||| Stepping randomly (stuck).
  8735 | D:8      | 8735 ||| Stepping randomly (stuck).
  8737 | D:8      | 8737 ||| Stepping randomly (stuck).
  8738 | D:8      | 8738 ||| Stepping randomly (stuck).
  8739 | D:8      | 8739 ||| Stepping randomly (stuck).
  8740 | D:8      | 8740 ||| Stepping randomly (stuck).
  8741 | D:8      | 8741 ||| Stepping randomly (stuck).
  8742 | D:8      | 8742 ||| Stepping randomly (stuck).
  8743 | D:8      | 8743 ||| Stepping randomly (stuck).
  8745 | D:8      | 8745 ||| Stepping randomly (stuck).
  8746 | D:8      | 8746 ||| Stepping randomly (stuck).
  8747 | D:8      | 8747 ||| Stepping randomly (stuck).
  8748 | D:8      | 8748 ||| Stepping randomly (stuck).
  8749 | D:8      | 8749 ||| Stepping randomly (stuck).
  8750 | D:8      | 8750 ||| Stepping randomly (stuck).
  8751 | D:8      | 8751 ||| Stepping randomly (stuck).
  8752 | D:8      | 8752 ||| Stepping randomly (stuck).
  8753 | D:8      | 8753 ||| Stepping randomly (stuck).
  8754 | D:8      | 8754 ||| Stepping randomly (stuck).
  8755 | D:8      | 8755 ||| Stepping randomly (stuck).
  8756 | D:8      | 8756 ||| Stepping randomly (stuck).
  8757 | D:8      | 8757 ||| Stepping randomly (stuck).
  8758 | D:8      | 8758 ||| Stepping randomly (stuck).
  8759 | D:8      | 8759 ||| Stepping randomly (stuck).
  8760 | D:8      | 8760 ||| Stepping randomly (stuck).
  8761 | D:8      | 8761 ||| Stepping randomly (stuck).
  8762 | D:8      | 8762 ||| Stepping randomly (stuck).
  8763 | D:8      | 8763 ||| Stepping randomly (stuck).
  8765 | D:8      | 8765 ||| Stepping randomly (stuck).
  8766 | D:8      | 8766 ||| Stepping randomly (stuck).
  8767 | D:8      | 8767 ||| Stepping randomly (stuck).
  8768 | D:8      | 8768 ||| Stepping randomly (stuck).
  8769 | D:8      | 8769 ||| Stepping randomly (stuck).
  8770 | D:8      | 8770 ||| Stepping randomly (stuck).
  8771 | D:8      | 8771 ||| Stepping randomly (stuck).
  8772 | D:8      | 8772 ||| Stepping randomly (stuck).
  8773 | D:8      | 8773 ||| Stepping randomly (stuck).
  8774 | D:8      | 8774 ||| Stepping randomly (stuck).
  8775 | D:8      | 8775 ||| Stepping randomly (stuck).
  8776 | D:8      | 8776 ||| Stepping randomly (stuck).
  8777 | D:8      | 8777 ||| Stepping randomly (stuck).
  8778 | D:8      | 8778 ||| Stepping randomly (stuck).
  8779 | D:8      | 8779 ||| Stepping randomly (stuck).
  8780 | D:8      | 8780 ||| Stepping randomly (stuck).
  8782 | D:8      | 8782 ||| Stepping randomly (stuck).
  8783 | D:8      | 8783 ||| Stepping randomly (stuck).
  8784 | D:8      | 8784 ||| Stepping randomly (stuck).
  8785 | D:8      | 8785 ||| Stepping randomly (stuck).
  8787 | D:8      | 8787 ||| Stepping randomly (stuck).
  8788 | D:8      | 8788 ||| Stepping randomly (stuck).
  8789 | D:8      | 8789 ||| Stepping randomly (stuck).
  8790 | D:8      | 8790 ||| Stepping randomly (stuck).
  8792 | D:8      | 8792 ||| Stepping randomly (stuck).
  8794 | D:8      | 8794 ||| Stepping randomly (stuck).
  8795 | D:8      | 8795 ||| Stepping randomly (stuck).
  8797 | D:8      | 8797 ||| Stepping randomly (stuck).
  8799 | D:8      | 8799 ||| Stepping randomly (stuck).
  8800 | D:8      | 8800 ||| Stepping randomly (stuck).
  8801 | D:8      | 8801 ||| Stepping randomly (stuck).
  8803 | D:8      | 8803 ||| Stepping randomly (stuck).
  8804 | D:8      | 8804 ||| Stepping randomly (stuck).
  8806 | D:8      | 8806 ||| Stepping randomly (stuck).
  8808 | D:8      | 8808 ||| Stepping randomly (stuck).
  8810 | D:8      | 8810 ||| Stepping randomly (stuck).
  8812 | D:8      | 8812 ||| Stepping randomly (stuck).
  8813 | D:8      | 8813 ||| Stepping randomly (stuck).
  8814 | D:8      | 8814 ||| Stepping randomly (stuck).
  8815 | D:8      | 8815 ||| Stepping randomly (stuck).
  8817 | D:8      | 8817 ||| Stepping randomly (stuck).
  8818 | D:8      | 8818 ||| Stepping randomly (stuck).
  8819 | D:8      | 8819 ||| Stepping randomly (stuck).
  8820 | D:8      | 8820 ||| Stepping randomly (stuck).
  8821 | D:8      | 8821 ||| Stepping randomly (stuck).
  8822 | D:8      | 8822 ||| Stepping randomly (stuck).
  8823 | D:8      | 8823 ||| Stepping randomly (stuck).
  8824 | D:8      | 8824 ||| Stepping randomly (stuck).
  8825 | D:8      | 8825 ||| Stepping randomly (stuck).
  8826 | D:8      | 8826 ||| Stepping randomly (stuck).
  8827 | D:8      | 8827 ||| Stepping randomly (stuck).
  8828 | D:8      | 8828 ||| Stepping randomly (stuck).
  8829 | D:8      | 8829 ||| Stepping randomly (stuck).
  8830 | D:8      | 8830 ||| Stepping randomly (stuck).
  8831 | D:8      | 8831 ||| Stepping randomly (stuck).
  8832 | D:8      | 8832 ||| Stepping randomly (stuck).
  8833 | D:8      | 8833 ||| Stepping randomly (stuck).
  8834 | D:8      | 8834 ||| Stepping randomly (stuck).
  8835 | D:8      | 8835 ||| Stepping randomly (stuck).
  8837 | D:8      | 8837 ||| Stepping randomly (stuck).
  8838 | D:8      | 8838 ||| Stepping randomly (stuck).
  8839 | D:8      | 8839 ||| Stepping randomly (stuck).
  8841 | D:8      | 8841 ||| Stepping randomly (stuck).
  8842 | D:8      | 8842 ||| Stepping randomly (stuck).
  8843 | D:8      | 8843 ||| Stepping randomly (stuck).
  8844 | D:8      | 8844 ||| Stepping randomly (stuck).
  8846 | D:8      | 8846 ||| Stepping randomly (stuck).
  8847 | D:8      | 8847 ||| Stepping randomly (stuck).
  8848 | D:8      | 8848 ||| Stepping randomly (stuck).
  8849 | D:8      | 8849 ||| Stepping randomly (stuck).
  8850 | D:8      | 8850 ||| Stepping randomly (stuck).
  8852 | D:8      | 8852 ||| Stepping randomly (stuck).
  8853 | D:8      | 8853 ||| Stepping randomly (stuck).
  8854 | D:8      | 8854 ||| Stepping randomly (stuck).
  8855 | D:8      | 8855 ||| Stepping randomly (stuck).
  8857 | D:8      | 8857 ||| Stepping randomly (stuck).
  8858 | D:8      | 8858 ||| Stepping randomly (stuck).
  8859 | D:8      | 8859 ||| Stepping randomly (stuck).
  8860 | D:8      | 8860 ||| Stepping randomly (stuck).
  8861 | D:8      | 8861 ||| Stepping randomly (stuck).
  8862 | D:8      | 8862 ||| Stepping randomly (stuck).
  8863 | D:8      | 8863 ||| Stepping randomly (stuck).
  8864 | D:8      | 8864 ||| Stepping randomly (stuck).
  8865 | D:8      | 8865 ||| Stepping randomly (stuck).
  8866 | D:8      | 8866 ||| Stepping randomly (stuck).
  8867 | D:8      | 8867 ||| Stepping randomly (stuck).
  8868 | D:8      | 8868 ||| Stepping randomly (stuck).
  8869 | D:8      | 8869 ||| Stepping randomly (stuck).
  8870 | D:8      | 8870 ||| Stepping randomly (stuck).
  8871 | D:8      | 8871 ||| Stepping randomly (stuck).
  8872 | D:8      | 8872 ||| Stepping randomly (stuck).
  8873 | D:8      | 8873 ||| Stepping randomly (stuck).
  8874 | D:8      | 8874 ||| Stepping randomly (stuck).
  8875 | D:8      | 8875 ||| Stepping randomly (stuck).
  8876 | D:8      | 8876 ||| Stepping randomly (stuck).
  8877 | D:8      | 8877 ||| Stepping randomly (stuck).
  8878 | D:8      | 8878 ||| Stepping randomly (stuck).
  8879 | D:8      | 8879 ||| Stepping randomly (stuck).
  8880 | D:8      | 8880 ||| Stepping randomly (stuck).
  8881 | D:8      | 8881 ||| Stepping randomly (stuck).
  8882 | D:8      | 8882 ||| Stepping randomly (stuck).
  8883 | D:8      | 8883 ||| Stepping randomly (stuck).
  8884 | D:8      | 8884 ||| Stepping randomly (stuck).
  8885 | D:8      | 8885 ||| Stepping randomly (stuck).
  8886 | D:8      | 8886 ||| Stepping randomly (stuck).
  8887 | D:8      | 8887 ||| Stepping randomly (stuck).
  8889 | D:8      | 8889 ||| Stepping randomly (stuck).
  8890 | D:8      | 8890 ||| Stepping randomly (stuck).
  8891 | D:8      | 8891 ||| Stepping randomly (stuck).
  8892 | D:8      | 8892 ||| Stepping randomly (stuck).
  8893 | D:8      | 8893 ||| Stepping randomly (stuck).
  8894 | D:8      | 8894 ||| Stepping randomly (stuck).
  8895 | D:8      | 8895 ||| Stepping randomly (stuck).
  8896 | D:8      | 8896 ||| Stepping randomly (stuck).
  8897 | D:8      | 8897 ||| Stepping randomly (stuck).
  8898 | D:8      | 8898 ||| Stepping randomly (stuck).
  8899 | D:8      | 8899 ||| Stepping randomly (stuck).
  8900 | D:8      | 8900 ||| Stepping randomly (stuck).
  8901 | D:8      | 8901 ||| Stepping randomly (stuck).
  8902 | D:8      | 8902 ||| Stepping randomly (stuck).
  8903 | D:8      | 8903 ||| Stepping randomly (stuck).
  8905 | D:8      | 8905 ||| Stepping randomly (stuck).
  8906 | D:8      | 8906 ||| Stepping randomly (stuck).
  8907 | D:8      | 8907 ||| Stepping randomly (stuck).
  8909 | D:8      | 8909 ||| Stepping randomly (stuck).
  8911 | D:8      | 8911 ||| Stepping randomly (stuck).
  8912 | D:8      | 8912 ||| Stepping randomly (stuck).
  8913 | D:8      | 8913 ||| Stepping randomly (stuck).
  8914 | D:8      | 8914 ||| Stepping randomly (stuck).
  8915 | D:8      | 8915 ||| Stepping randomly (stuck).
  8916 | D:8      | 8916 ||| Stepping randomly (stuck).
  8917 | D:8      | 8917 ||| Stepping randomly (stuck).
  8918 | D:8      | 8918 ||| Stepping randomly (stuck).
  8919 | D:8      | 8919 ||| Stepping randomly (stuck).
  8920 | D:8      | 8920 ||| Stepping randomly (stuck).
  8921 | D:8      | 8921 ||| Stepping randomly (stuck).
  8922 | D:8      | 8922 ||| Stepping randomly (stuck).
  8923 | D:8      | 8923 ||| Stepping randomly (stuck).
  8924 | D:8      | 8924 ||| Stepping randomly (stuck).
  8925 | D:8      | 8925 ||| Stepping randomly (stuck).
  8926 | D:8      | 8926 ||| Stepping randomly (stuck).
  8927 | D:8      | 8927 ||| Stepping randomly (stuck).
  8928 | D:8      | 8928 ||| Stepping randomly (stuck).
  8929 | D:8      | 8929 ||| Stepping randomly (stuck).
  8930 | D:8      | 8930 ||| Stepping randomly (stuck).
  8931 | D:8      | 8931 ||| Stepping randomly (stuck).
  8934 | D:8      | 8934 ||| Stepping randomly (stuck).
  8935 | D:8      | 8935 ||| Stepping randomly (stuck).
  8937 | D:8      | 8937 ||| Stepping randomly (stuck).
  8939 | D:8      | 8939 ||| Stepping randomly (stuck).
  8940 | D:8      | 8940 ||| Stepping randomly (stuck).
  8941 | D:8      | 8941 ||| Stepping randomly (stuck).
  8942 | D:8      | 8942 ||| Stepping randomly (stuck).
  8943 | D:8      | 8943 ||| Stepping randomly (stuck).
  8944 | D:8      | 8944 ||| Stepping randomly (stuck).
  8945 | D:8      | 8945 ||| Stepping randomly (stuck).
  8946 | D:8      | 8946 ||| Stepping randomly (stuck).
  8947 | D:8      | 8947 ||| Stepping randomly (stuck).
  8948 | D:8      | 8948 ||| Stepping randomly (stuck).
  8949 | D:8      | 8949 ||| Stepping randomly (stuck).
  8950 | D:8      | 8950 ||| Stepping randomly (stuck).
  8951 | D:8      | 8951 ||| Stepping randomly (stuck).
  8952 | D:8      | 8952 ||| Stepping randomly (stuck).
  8953 | D:8      | 8953 ||| Stepping randomly (stuck).
  8954 | D:8      | 8954 ||| Stepping randomly (stuck).
  8955 | D:8      | 8955 ||| Stepping randomly (stuck).
  8956 | D:8      | 8956 ||| Stepping randomly (stuck).
  8957 | D:8      | 8957 ||| Stepping randomly (stuck).
  8958 | D:8      | 8958 ||| Stepping randomly (stuck).
  8959 | D:8      | 8959 ||| Stepping randomly (stuck).
  8960 | D:8      | 8960 ||| Stepping randomly (stuck).
  8961 | D:8      | 8961 ||| Stepping randomly (stuck).
  8962 | D:8      | 8962 ||| Stepping randomly (stuck).
  8963 | D:8      | 8963 ||| Stepping randomly (stuck).
  8964 | D:8      | 8964 ||| Stepping randomly (stuck).
  8965 | D:8      | 8965 ||| Stepping randomly (stuck).
  8966 | D:8      | 8966 ||| Stepping randomly (stuck).
  8967 | D:8      | 8967 ||| Stepping randomly (stuck).
  8968 | D:8      | 8968 ||| Stepping randomly (stuck).
  8969 | D:8      | 8969 ||| Stepping randomly (stuck).
  8970 | D:8      | 8970 ||| Stepping randomly (stuck).
  8971 | D:8      | 8971 ||| Stepping randomly (stuck).
  8972 | D:8      | 8972 ||| Stepping randomly (stuck).
  8973 | D:8      | 8973 ||| Stepping ~*~*~tactically~*~*~ (hiding).
  8983 | D:8      | 8983 ||| Stepping randomly (stuck).
  8984 | D:8      | 8984 ||| Stepping randomly (stuck).
  8985 | D:8      | 8985 ||| Stepping randomly (stuck).
  8986 | D:8      | 8986 ||| Stepping randomly (stuck).
  8987 | D:8      | 8987 ||| Stepping randomly (stuck).
  8988 | D:8      | 8988 ||| Stepping randomly (stuck).
  8990 | D:8      | 8990 ||| Stepping randomly (stuck).
  8991 | D:8      | 8991 ||| Stepping randomly (stuck).
  8992 | D:8      | 8992 ||| Stepping randomly (stuck).
  8994 | D:8      | 8994 ||| Stepping randomly (stuck).
  8996 | D:8      | 8996 ||| Stepping randomly (stuck).
  8997 | D:8      | 8997 ||| Stepping randomly (stuck).
  9017 | D:8      | 9017 ||| DRINKING 2 white potions.
  9018 | D:8      | 9018 ||| Stepping randomly (stuck).
  9020 | D:8      | 9020 ||| Stepping randomly (stuck).
  9022 | D:8      | 9022 ||| Stepping randomly (stuck).
  9023 | D:8      | 9023 ||| Stepping randomly (stuck).
  9024 | D:8      | 9024 ||| Stepping randomly (stuck).
  9025 | D:8      | 9025 ||| Stepping randomly (stuck).
  9026 | D:8      | 9026 ||| Stepping randomly (stuck).
  9027 | D:8      | 9027 ||| Stepping randomly (stuck).
  9028 | D:8      | 9028 ||| Stepping randomly (stuck).
  9029 | D:8      | 9029 ||| Stepping randomly (stuck).
  9030 | D:8      | 9030 ||| Stepping randomly (stuck).
  9031 | D:8      | 9031 ||| Stepping randomly (stuck).
  9032 | D:8      | 9032 ||| Stepping randomly (stuck).
  9033 | D:8      | 9033 ||| Stepping randomly (stuck).
  9034 | D:8      | 9034 ||| Stepping randomly (stuck).
  9035 | D:8      | 9035 ||| Stepping randomly (stuck).
  9036 | D:8      | 9036 ||| Stepping randomly (stuck).
  9037 | D:8      | 9037 ||| Stepping randomly (stuck).
  9038 | D:8      | 9038 ||| Stepping randomly (stuck).
  9039 | D:8      | 9039 ||| Stepping randomly (stuck).
  9040 | D:8      | 9040 ||| Stepping randomly (stuck).
  9041 | D:8      | 9041 ||| Stepping randomly (stuck).
  9042 | D:8      | 9042 ||| Stepping randomly (stuck).
  9043 | D:8      | 9043 ||| Stepping randomly (stuck).
  9044 | D:8      | 9044 ||| Stepping randomly (stuck).
  9045 | D:8      | 9045 ||| Stepping randomly (stuck).
  9047 | D:8      | 9047 ||| Stepping randomly (stuck).
  9048 | D:8      | 9048 ||| Stepping randomly (stuck).
  9049 | D:8      | 9049 ||| Stepping randomly (stuck).
  9050 | D:8      | 9050 ||| Stepping randomly (stuck).
  9051 | D:8      | 9051 ||| Stepping randomly (stuck).
  9052 | D:8      | 9052 ||| Stepping randomly (stuck).
  9053 | D:8      | 9053 ||| Stepping randomly (stuck).
  9054 | D:8      | 9054 ||| Stepping randomly (stuck).
  9055 | D:8      | 9055 ||| Stepping randomly (stuck).
  9056 | D:8      | 9056 ||| Stepping randomly (stuck).
  9057 | D:8      | 9057 ||| Stepping randomly (stuck).
  9058 | D:8      | 9058 ||| Stepping randomly (stuck).
  9059 | D:8      | 9059 ||| Stepping randomly (stuck).
  9060 | D:8      | 9060 ||| Stepping randomly (stuck).
  9061 | D:8      | 9061 ||| Stepping randomly (stuck).
  9062 | D:8      | 9062 ||| Stepping randomly (stuck).
  9063 | D:8      | 9063 ||| Stepping randomly (stuck).
  9064 | D:8      | 9064 ||| Stepping randomly (stuck).
  9065 | D:8      | 9065 ||| Stepping randomly (stuck).
  9066 | D:8      | 9066 ||| Stepping randomly (stuck).
  9067 | D:8      | 9067 ||| Stepping randomly (stuck).
  9068 | D:8      | 9068 ||| Stepping randomly (stuck).
  9069 | D:8      | 9069 ||| Stepping randomly (stuck).
  9070 | D:8      | 9070 ||| Stepping randomly (stuck).
  9071 | D:8      | 9071 ||| Stepping randomly (stuck).
  9072 | D:8      | 9072 ||| Stepping randomly (stuck).
  9073 | D:8      | 9073 ||| Stepping randomly (stuck).
  9074 | D:8      | 9074 ||| Stepping randomly (stuck).
  9075 | D:8      | 9075 ||| Stepping randomly (stuck).
  9076 | D:8      | 9076 ||| Stepping randomly (stuck).
  9077 | D:8      | 9077 ||| Stepping randomly (stuck).
  9078 | D:8      | 9078 ||| Stepping randomly (stuck).
  9079 | D:8      | 9079 ||| Stepping randomly (stuck).
  9080 | D:8      | 9080 ||| Stepping randomly (stuck).
  9081 | D:8      | 9081 ||| Stepping randomly (stuck).
  9082 | D:8      | 9082 ||| Stepping randomly (stuck).
  9083 | D:8      | 9083 ||| Stepping randomly (stuck).
  9084 | D:8      | 9084 ||| Stepping randomly (stuck).
  9085 | D:8      | 9085 ||| Stepping randomly (stuck).
  9086 | D:8      | 9086 ||| Stepping randomly (stuck).
  9087 | D:8      | 9087 ||| Stepping randomly (stuck).
  9088 | D:8      | 9088 ||| Stepping randomly (stuck).
  9089 | D:8      | 9089 ||| Stepping randomly (stuck).
  9090 | D:8      | 9090 ||| Stepping randomly (stuck).
  9091 | D:8      | 9091 ||| Stepping randomly (stuck).
  9092 | D:8      | 9092 ||| Stepping randomly (stuck).
  9093 | D:8      | 9093 ||| Stepping randomly (stuck).
  9094 | D:8      | 9094 ||| Stepping randomly (stuck).
  9095 | D:8      | 9095 ||| Stepping randomly (stuck).
  9096 | D:8      | 9096 ||| Stepping randomly (stuck).
  9097 | D:8      | 9097 ||| Stepping randomly (stuck).
  9098 | D:8      | 9098 ||| Stepping randomly (stuck).
  9099 | D:8      | 9099 ||| Stepping randomly (stuck).
  9100 | D:8      | 9100 ||| Stepping randomly (stuck).
  9101 | D:8      | 9101 ||| Stepping randomly (stuck).
  9102 | D:8      | 9102 ||| Stepping randomly (stuck).
  9103 | D:8      | 9103 ||| Stepping randomly (stuck).
  9105 | D:8      | 9105 ||| Stepping randomly (stuck).
  9107 | D:8      | 9107 ||| Stepping randomly (stuck).
  9108 | D:8      | 9108 ||| Stepping randomly (stuck).
  9109 | D:8      | 9109 ||| Stepping randomly (stuck).
  9110 | D:8      | 9110 ||| Stepping randomly (stuck).
  9111 | D:8      | 9111 ||| Stepping randomly (stuck).
  9112 | D:8      | 9112 ||| Stepping randomly (stuck).
  9113 | D:8      | 9113 ||| Stepping randomly (stuck).
  9114 | D:8      | 9114 ||| Stepping randomly (stuck).
  9115 | D:8      | 9115 ||| Stepping randomly (stuck).
  9116 | D:8      | 9116 ||| Stepping randomly (stuck).
  9117 | D:8      | 9117 ||| Stepping randomly (stuck).
  9118 | D:8      | 9118 ||| Stepping randomly (stuck).
  9119 | D:8      | 9119 ||| Stepping randomly (stuck).
  9120 | D:8      | 9120 ||| Stepping randomly (stuck).
  9121 | D:8      | 9121 ||| Stepping randomly (stuck).
  9122 | D:8      | 9122 ||| Stepping randomly (stuck).
  9123 | D:8      | 9123 ||| Stepping randomly (stuck).
  9124 | D:8      | 9124 ||| Stepping randomly (stuck).
  9125 | D:8      | 9125 ||| Stepping randomly (stuck).
  9126 | D:8      | 9126 ||| Stepping randomly (stuck).
  9127 | D:8      | 9127 ||| Stepping randomly (stuck).
  9128 | D:8      | 9128 ||| Stepping randomly (stuck).
  9129 | D:8      | 9129 ||| Stepping randomly (stuck).
  9130 | D:8      | 9130 ||| Stepping randomly (stuck).
  9131 | D:8      | 9131 ||| Stepping randomly (stuck).
  9132 | D:8      | 9132 ||| Stepping randomly (stuck).
  9133 | D:8      | 9133 ||| Stepping randomly (stuck).
  9134 | D:8      | 9134 ||| Stepping randomly (stuck).
  9135 | D:8      | 9135 ||| Stepping randomly (stuck).
  9136 | D:8      | 9136 ||| Stepping randomly (stuck).
  9137 | D:8      | 9137 ||| Stepping randomly (stuck).
  9138 | D:8      | 9138 ||| Stepping randomly (stuck).
  9139 | D:8      | 9139 ||| Stepping randomly (stuck).
  9140 | D:8      | 9140 ||| Stepping randomly (stuck).
  9141 | D:8      | 9141 ||| Stepping randomly (stuck).
  9142 | D:8      | 9142 ||| Stepping randomly (stuck).
  9143 | D:8      | 9143 ||| Stepping randomly (stuck).
  9144 | D:8      | 9144 ||| Stepping randomly (stuck).
  9145 | D:8      | 9145 ||| Stepping randomly (stuck).
  9146 | D:8      | 9146 ||| Stepping randomly (stuck).
  9147 | D:8      | 9147 ||| Stepping randomly (stuck).
  9148 | D:8      | 9148 ||| Stepping randomly (stuck).
  9149 | D:8      | 9149 ||| Stepping randomly (stuck).
  9150 | D:8      | 9150 ||| Stepping randomly (stuck).
  9151 | D:8      | 9151 ||| Stepping randomly (stuck).
  9152 | D:8      | 9152 ||| Stepping randomly (stuck).
  9153 | D:8      | 9153 ||| Stepping randomly (stuck).
  9154 | D:8      | 9154 ||| Stepping randomly (stuck).
  9155 | D:8      | 9155 ||| Stepping randomly (stuck).
  9156 | D:8      | 9156 ||| Stepping randomly (stuck).
  9157 | D:8      | 9157 ||| Stepping randomly (stuck).
  9158 | D:8      | 9158 ||| Stepping randomly (stuck).
  9159 | D:8      | 9159 ||| Stepping randomly (stuck).
  9160 | D:8      | 9160 ||| Stepping randomly (stuck).
  9161 | D:8      | 9161 ||| Stepping randomly (stuck).
  9162 | D:8      | 9162 ||| Stepping randomly (stuck).
  9163 | D:8      | 9163 ||| Stepping randomly (stuck).
  9164 | D:8      | 9164 ||| Stepping randomly (stuck).
  9165 | D:8      | 9165 ||| Stepping randomly (stuck).
  9166 | D:8      | 9166 ||| Stepping randomly (stuck).
  9167 | D:8      | 9167 ||| Stepping randomly (stuck).
  9168 | D:8      | 9168 ||| Stepping randomly (stuck).
  9169 | D:8      | 9169 ||| Stepping randomly (stuck).
  9170 | D:8      | 9170 ||| Stepping randomly (stuck).
  9171 | D:8      | 9171 ||| Stepping randomly (stuck).
  9172 | D:8      | 9172 ||| Stepping randomly (stuck).
  9173 | D:8      | 9173 ||| Stepping randomly (stuck).
  9174 | D:8      | 9174 ||| Stepping randomly (stuck).
  9176 | D:8      | 9176 ||| Stepping randomly (stuck).
  9178 | D:8      | 9178 ||| Stepping randomly (stuck).
  9179 | D:8      | 9179 ||| Stepping randomly (stuck).
  9180 | D:8      | 9180 ||| Stepping randomly (stuck).
  9181 | D:8      | 9181 ||| Stepping randomly (stuck).
  9183 | D:8      | 9183 ||| Stepping randomly (stuck).
  9185 | D:8      | 9185 ||| Stepping randomly (stuck).
  9186 | D:8      | 9186 ||| Stepping randomly (stuck).
  9187 | D:8      | 9187 ||| Stepping randomly (stuck).
  9188 | D:8      | 9188 ||| Stepping randomly (stuck).
  9189 | D:8      | 9189 ||| Stepping randomly (stuck).
  9190 | D:8      | 9190 ||| Stepping randomly (stuck).
  9191 | D:8      | 9191 ||| Stepping randomly (stuck).
  9192 | D:8      | 9192 ||| Stepping randomly (stuck).
  9194 | D:8      | 9194 ||| Stepping randomly (stuck).
  9195 | D:8      | 9195 ||| Stepping randomly (stuck).
  9196 | D:8      | 9196 ||| Stepping randomly (stuck).
  9197 | D:8      | 9197 ||| Stepping randomly (stuck).
  9198 | D:8      | 9198 ||| Stepping randomly (stuck).
  9199 | D:8      | 9199 ||| Stepping randomly (stuck).
  9200 | D:8      | 9200 ||| Stepping randomly (stuck).
  9201 | D:8      | 9201 ||| Stepping randomly (stuck).
  9202 | D:8      | 9202 ||| Stepping randomly (stuck).
  9203 | D:8      | 9203 ||| Stepping randomly (stuck).
  9204 | D:8      | 9204 ||| Stepping randomly (stuck).
  9205 | D:8      | 9205 ||| Stepping randomly (stuck).
  9206 | D:8      | 9206 ||| Stepping randomly (stuck).
  9207 | D:8      | 9207 ||| Stepping randomly (stuck).
  9208 | D:8      | 9208 ||| Stepping randomly (stuck).
  9209 | D:8      | 9209 ||| Stepping randomly (stuck).
  9210 | D:8      | 9210 ||| Stepping randomly (stuck).
  9211 | D:8      | 9211 ||| Stepping randomly (stuck).
  9212 | D:8      | 9212 ||| Stepping randomly (stuck).
  9213 | D:8      | 9213 ||| Stepping randomly (stuck).
  9214 | D:8      | 9214 ||| Stepping randomly (stuck).
  9215 | D:8      | 9215 ||| Stepping randomly (stuck).
  9216 | D:8      | 9216 ||| Stepping randomly (stuck).
  9217 | D:8      | 9217 ||| Stepping randomly (stuck).
  9218 | D:8      | 9218 ||| Stepping randomly (stuck).
  9219 | D:8      | 9219 ||| Stepping randomly (stuck).
  9220 | D:8      | 9220 ||| Stepping randomly (stuck).
  9221 | D:8      | 9221 ||| Stepping randomly (stuck).
  9222 | D:8      | 9222 ||| Stepping randomly (stuck).
  9223 | D:8      | 9223 ||| Stepping randomly (stuck).
  9224 | D:8      | 9224 ||| Stepping randomly (stuck).
  9225 | D:8      | 9225 ||| Stepping randomly (stuck).
  9226 | D:8      | 9226 ||| Stepping randomly (stuck).
  9227 | D:8      | 9227 ||| Stepping randomly (stuck).
  9228 | D:8      | 9228 ||| Stepping randomly (stuck).
  9229 | D:8      | 9229 ||| Stepping randomly (stuck).
  9230 | D:8      | 9230 ||| Stepping randomly (stuck).
  9231 | D:8      | 9231 ||| Stepping randomly (stuck).
  9232 | D:8      | 9232 ||| Stepping randomly (stuck).
  9233 | D:8      | 9233 ||| Stepping randomly (stuck).
  9234 | D:8      | 9234 ||| Stepping randomly (stuck).
  9235 | D:8      | 9235 ||| Stepping randomly (stuck).
  9236 | D:8      | 9236 ||| Stepping randomly (stuck).
  9237 | D:8      | 9237 ||| Stepping randomly (stuck).
  9238 | D:8      | 9238 ||| Stepping randomly (stuck).
  9239 | D:8      | 9239 ||| Stepping randomly (stuck).
  9240 | D:8      | 9240 ||| Stepping randomly (stuck).
  9241 | D:8      | 9241 ||| Stepping randomly (stuck).
  9242 | D:8      | 9242 ||| Stepping randomly (stuck).
  9243 | D:8      | 9243 ||| Stepping randomly (stuck).
  9244 | D:8      | 9244 ||| Stepping randomly (stuck).
  9245 | D:8      | 9245 ||| Stepping randomly (stuck).
  9246 | D:8      | 9246 ||| Stepping randomly (stuck).
  9247 | D:8      | 9247 ||| Stepping randomly (stuck).
  9248 | D:8      | 9248 ||| Stepping randomly (stuck).
  9249 | D:8      | 9249 ||| Stepping randomly (stuck).
  9250 | D:8      | 9250 ||| Stepping randomly (stuck).
  9251 | D:8      | 9251 ||| Stepping randomly (stuck).
  9252 | D:8      | 9252 ||| Stepping randomly (stuck).
  9253 | D:8      | 9253 ||| Stepping randomly (stuck).
  9254 | D:8      | 9254 ||| Stepping randomly (stuck).
  9255 | D:8      | 9255 ||| Stepping randomly (stuck).
  9256 | D:8      | 9256 ||| Stepping randomly (stuck).
  9257 | D:8      | 9257 ||| Stepping randomly (stuck).
  9258 | D:8      | 9258 ||| Stepping randomly (stuck).
  9259 | D:8      | 9259 ||| Stepping randomly (stuck).
  9260 | D:8      | 9260 ||| Stepping randomly (stuck).
  9261 | D:8      | 9261 ||| Stepping randomly (stuck).
  9262 | D:8      | 9262 ||| Stepping randomly (stuck).
  9263 | D:8      | 9263 ||| Stepping randomly (stuck).
  9264 | D:8      | 9264 ||| Stepping randomly (stuck).
  9265 | D:8      | 9265 ||| Stepping randomly (stuck).
  9267 | D:8      | 9267 ||| Stepping randomly (stuck).
  9268 | D:8      | 9268 ||| Stepping randomly (stuck).
  9269 | D:8      | 9269 ||| Stepping randomly (stuck).
  9270 | D:8      | 9270 ||| Stepping randomly (stuck).
  9271 | D:8      | 9271 ||| Stepping randomly (stuck).
  9272 | D:8      | 9272 ||| Stepping randomly (stuck).
  9273 | D:8      | 9273 ||| Stepping randomly (stuck).
  9274 | D:8      | 9274 ||| Stepping randomly (stuck).
  9275 | D:8      | 9275 ||| Stepping randomly (stuck).
  9276 | D:8      | 9276 ||| Stepping randomly (stuck).
  9277 | D:8      | 9277 ||| Stepping randomly (stuck).
  9278 | D:8      | 9278 ||| Stepping randomly (stuck).
  9279 | D:8      | 9279 ||| Stepping randomly (stuck).
  9280 | D:8      | 9280 ||| Stepping randomly (stuck).
  9281 | D:8      | 9281 ||| Stepping randomly (stuck).
  9282 | D:8      | 9282 ||| Stepping randomly (stuck).
  9283 | D:8      | 9283 ||| Stepping randomly (stuck).
  9284 | D:8      | 9284 ||| Stepping randomly (stuck).
  9285 | D:8      | 9285 ||| Stepping randomly (stuck).
  9286 | D:8      | 9286 ||| Stepping randomly (stuck).
  9287 | D:8      | 9287 ||| Stepping randomly (stuck).
  9288 | D:8      | 9288 ||| Stepping randomly (stuck).
  9289 | D:8      | 9289 ||| Stepping randomly (stuck).
  9290 | D:8      | 9290 ||| Stepping randomly (stuck).
  9291 | D:8      | 9291 ||| Stepping randomly (stuck).
  9293 | D:8      | 9293 ||| Stepping randomly (stuck).
  9295 | D:8      | 9295 ||| Stepping randomly (stuck).
  9296 | D:8      | 9296 ||| Stepping randomly (stuck).
  9297 | D:8      | 9297 ||| Stepping randomly (stuck).
  9298 | D:8      | 9298 ||| Stepping randomly (stuck).
  9299 | D:8      | 9299 ||| Stepping randomly (stuck).
  9300 | D:8      | 9300 ||| Stepping randomly (stuck).
  9301 | D:8      | 9301 ||| Stepping randomly (stuck).
  9302 | D:8      | 9302 ||| Stepping randomly (stuck).
  9303 | D:8      | 9303 ||| Stepping randomly (stuck).
  9304 | D:8      | 9304 ||| Stepping randomly (stuck).
  9305 | D:8      | 9305 ||| Stepping randomly (stuck).
  9306 | D:8      | 9306 ||| Stepping randomly (stuck).
  9307 | D:8      | 9307 ||| Stepping randomly (stuck).
  9308 | D:8      | 9308 ||| Stepping randomly (stuck).
  9309 | D:8      | 9309 ||| Stepping randomly (stuck).
  9310 | D:8      | 9310 ||| Stepping randomly (stuck).
  9311 | D:8      | 9311 ||| Stepping randomly (stuck).
  9312 | D:8      | 9312 ||| Stepping randomly (stuck).
  9313 | D:8      | 9313 ||| Stepping randomly (stuck).
  9314 | D:8      | 9314 ||| Stepping randomly (stuck).
  9315 | D:8      | 9315 ||| Stepping randomly (stuck).
  9316 | D:8      | 9316 ||| Stepping randomly (stuck).
  9317 | D:8      | 9317 ||| Stepping randomly (stuck).
  9318 | D:8      | 9318 ||| Stepping randomly (stuck).
  9319 | D:8      | 9319 ||| Stepping randomly (stuck).
  9320 | D:8      | 9320 ||| Stepping randomly (stuck).
  9321 | D:8      | 9321 ||| Stepping randomly (stuck).
  9322 | D:8      | 9322 ||| Stepping randomly (stuck).
  9323 | D:8      | 9323 ||| Stepping randomly (stuck).
  9324 | D:8      | 9324 ||| Stepping randomly (stuck).
  9325 | D:8      | 9325 ||| Stepping randomly (stuck).
  9327 | D:8      | 9327 ||| Stepping randomly (stuck).
  9329 | D:8      | 9329 ||| Stepping randomly (stuck).
  9331 | D:8      | 9331 ||| Stepping randomly (stuck).
  9333 | D:8      | 9333 ||| Stepping randomly (stuck).
  9334 | D:8      | 9334 ||| Stepping randomly (stuck).
  9336 | D:8      | 9336 ||| Stepping randomly (stuck).
  9338 | D:8      | 9338 ||| Stepping randomly (stuck).
  9339 | D:8      | 9339 ||| Stepping randomly (stuck).
  9340 | D:8      | 9340 ||| Stepping randomly (stuck).
  9341 | D:8      | 9341 ||| Stepping randomly (stuck).
  9342 | D:8      | 9342 ||| Stepping randomly (stuck).
  9343 | D:8      | 9343 ||| Stepping randomly (stuck).
  9344 | D:8      | 9344 ||| Stepping randomly (stuck).
  9345 | D:8      | 9345 ||| Stepping randomly (stuck).
  9346 | D:8      | 9346 ||| Stepping randomly (stuck).
  9347 | D:8      | 9347 ||| Stepping randomly (stuck).
  9348 | D:8      | 9348 ||| Stepping randomly (stuck).
  9349 | D:8      | 9349 ||| Stepping randomly (stuck).
  9350 | D:8      | 9350 ||| Stepping randomly (stuck).
  9351 | D:8      | 9351 ||| Stepping randomly (stuck).
  9352 | D:8      | 9352 ||| Stepping randomly (stuck).
  9353 | D:8      | 9353 ||| Stepping randomly (stuck).
  9354 | D:8      | 9354 ||| Stepping randomly (stuck).
  9355 | D:8      | 9355 ||| Stepping randomly (stuck).
  9356 | D:8      | 9356 ||| Stepping randomly (stuck).
  9357 | D:8      | 9357 ||| Stepping randomly (stuck).
  9358 | D:8      | 9358 ||| Stepping randomly (stuck).
  9360 | D:8      | 9360 ||| Stepping randomly (stuck).
  9361 | D:8      | 9361 ||| Stepping randomly (stuck).
  9362 | D:8      | 9362 ||| Stepping randomly (stuck).
  9363 | D:8      | 9363 ||| Stepping randomly (stuck).
  9364 | D:8      | 9364 ||| Stepping randomly (stuck).
  9365 | D:8      | 9365 ||| Stepping randomly (stuck).
  9366 | D:8      | 9366 ||| Stepping randomly (stuck).
  9367 | D:8      | 9367 ||| Stepping randomly (stuck).
  9368 | D:8      | 9368 ||| Stepping randomly (stuck).
  9369 | D:8      | 9369 ||| Stepping randomly (stuck).
  9370 | D:8      | 9370 ||| Stepping randomly (stuck).
  9373 | D:8      | 9373 ||| Stepping randomly (stuck).
  9374 | D:8      | 9374 ||| Stepping randomly (stuck).
  9375 | D:8      | 9375 ||| Stepping randomly (stuck).
  9376 | D:8      | 9376 ||| Stepping randomly (stuck).
  9377 | D:8      | 9377 ||| Stepping randomly (stuck).
  9378 | D:8      | 9378 ||| Stepping randomly (stuck).
  9379 | D:8      | 9379 ||| Stepping randomly (stuck).
  9380 | D:8      | 9380 ||| Stepping randomly (stuck).
  9382 | D:8      | 9382 ||| Stepping randomly (stuck).
  9383 | D:8      | 9383 ||| Stepping randomly (stuck).
  9384 | D:8      | 9384 ||| Stepping randomly (stuck).
  9385 | D:8      | 9385 ||| Stepping randomly (stuck).
  9386 | D:8      | 9386 ||| Stepping randomly (stuck).
  9387 | D:8      | 9387 ||| Stepping randomly (stuck).
  9388 | D:8      | 9388 ||| Stepping randomly (stuck).
  9389 | D:8      | 9389 ||| Stepping randomly (stuck).
  9390 | D:8      | 9390 ||| Stepping randomly (stuck).
  9391 | D:8      | 9391 ||| Stepping randomly (stuck).
  9392 | D:8      | 9392 ||| Stepping randomly (stuck).
  9393 | D:8      | 9393 ||| Stepping randomly (stuck).
  9394 | D:8      | 9394 ||| Stepping randomly (stuck).
  9395 | D:8      | 9395 ||| Stepping randomly (stuck).
  9396 | D:8      | 9396 ||| Stepping randomly (stuck).
  9397 | D:8      | 9397 ||| Stepping randomly (stuck).
  9398 | D:8      | 9398 ||| Stepping randomly (stuck).
  9400 | D:8      | 9400 ||| Stepping randomly (stuck).
  9401 | D:8      | 9401 ||| Stepping randomly (stuck).
  9404 | D:8      | 9404 ||| Stepping randomly (stuck).
  9405 | D:8      | 9405 ||| Stepping randomly (stuck).
  9407 | D:8      | 9407 ||| Stepping randomly (stuck).
  9409 | D:8      | 9409 ||| Stepping randomly (stuck).
  9410 | D:8      | 9410 ||| Stepping randomly (stuck).
  9411 | D:8      | 9411 ||| Stepping randomly (stuck).
  9412 | D:8      | 9412 ||| Stepping randomly (stuck).
  9413 | D:8      | 9413 ||| Stepping randomly (stuck).
  9414 | D:8      | 9414 ||| Stepping randomly (stuck).
  9415 | D:8      | 9415 ||| Stepping randomly (stuck).
  9416 | D:8      | 9416 ||| Stepping randomly (stuck).
  9417 | D:8      | 9417 ||| Stepping randomly (stuck).
  9418 | D:8      | 9418 ||| Stepping randomly (stuck).
  9419 | D:8      | 9419 ||| Stepping randomly (stuck).
  9420 | D:8      | 9420 ||| Stepping randomly (stuck).
  9421 | D:8      | 9421 ||| Stepping randomly (stuck).
  9422 | D:8      | 9422 ||| Stepping randomly (stuck).
  9423 | D:8      | 9423 ||| Stepping randomly (stuck).
  9424 | D:8      | 9424 ||| Stepping randomly (stuck).
  9425 | D:8      | 9425 ||| Stepping randomly (stuck).
  9426 | D:8      | 9426 ||| Stepping randomly (stuck).
  9427 | D:8      | 9427 ||| Stepping randomly (stuck).
  9428 | D:8      | 9428 ||| Stepping randomly (stuck).
  9429 | D:8      | 9429 ||| Stepping randomly (stuck).
  9431 | D:8      | 9431 ||| Stepping randomly (stuck).
  9432 | D:8      | 9432 ||| Stepping randomly (stuck).
  9433 | D:8      | 9433 ||| Stepping randomly (stuck).
  9434 | D:8      | 9434 ||| Stepping randomly (stuck).
  9436 | D:8      | 9436 ||| Stepping randomly (stuck).
  9438 | D:8      | 9438 ||| Stepping randomly (stuck).
  9439 | D:8      | 9439 ||| Stepping randomly (stuck).
  9440 | D:8      | 9440 ||| Stepping randomly (stuck).
  9441 | D:8      | 9441 ||| Stepping randomly (stuck).
  9443 | D:8      | 9443 ||| Stepping randomly (stuck).
  9444 | D:8      | 9444 ||| Stepping randomly (stuck).
  9445 | D:8      | 9445 ||| Stepping randomly (stuck).
  9446 | D:8      | 9446 ||| Stepping randomly (stuck).
  9447 | D:8      | 9447 ||| Stepping randomly (stuck).
  9448 | D:8      | 9448 ||| Stepping randomly (stuck).
  9450 | D:8      | 9450 ||| Stepping randomly (stuck).
  9452 | D:8      | 9452 ||| Stepping randomly (stuck).
  9454 | D:8      | 9454 ||| Stepping randomly (stuck).
  9455 | D:8      | 9455 ||| Stepping randomly (stuck).
  9456 | D:8      | 9456 ||| Stepping randomly (stuck).
  9457 | D:8      | 9457 ||| Stepping randomly (stuck).
  9458 | D:8      | 9458 ||| Stepping randomly (stuck).
  9459 | D:8      | 9459 ||| Stepping randomly (stuck).
  9460 | D:8      | 9460 ||| Stepping randomly (stuck).
  9461 | D:8      | 9461 ||| Stepping randomly (stuck).
  9462 | D:8      | 9462 ||| Stepping randomly (stuck).
  9463 | D:8      | 9463 ||| Stepping randomly (stuck).
  9464 | D:8      | 9464 ||| Stepping randomly (stuck).
  9465 | D:8      | 9465 ||| Stepping randomly (stuck).
  9466 | D:8      | 9466 ||| Stepping randomly (stuck).
  9467 | D:8      | 9467 ||| Stepping randomly (stuck).
  9468 | D:8      | 9468 ||| Stepping randomly (stuck).
  9469 | D:8      | 9469 ||| Stepping randomly (stuck).
  9472 | D:8      | 9472 ||| Stepping randomly (stuck).
  9473 | D:8      | 9473 ||| Stepping randomly (stuck).
  9474 | D:8      | 9474 ||| Stepping randomly (stuck).
  9476 | D:8      | 9476 ||| Stepping randomly (stuck).
  9477 | D:8      | 9477 ||| Stepping randomly (stuck).
  9478 | D:8      | 9478 ||| Stepping randomly (stuck).
  9480 | D:8      | 9480 ||| Stepping randomly (stuck).
  9482 | D:8      | 9482 ||| Stepping randomly (stuck).
  9483 | D:8      | 9483 ||| Stepping randomly (stuck).
  9485 | D:8      | 9485 ||| Stepping randomly (stuck).
  9486 | D:8      | 9486 ||| Stepping randomly (stuck).
  9487 | D:8      | 9487 ||| Stepping randomly (stuck).
  9488 | D:8      | 9488 ||| Stepping randomly (stuck).
  9489 | D:8      | 9489 ||| Stepping randomly (stuck).
  9491 | D:8      | 9491 ||| Stepping randomly (stuck).
  9492 | D:8      | 9492 ||| Stepping randomly (stuck).
  9493 | D:8      | 9493 ||| Stepping randomly (stuck).
  9494 | D:8      | 9494 ||| Stepping randomly (stuck).
  9495 | D:8      | 9495 ||| Stepping randomly (stuck).
  9496 | D:8      | 9496 ||| Stepping randomly (stuck).
  9498 | D:8      | 9498 ||| Stepping randomly (stuck).
  9499 | D:8      | 9499 ||| Stepping randomly (stuck).
  9500 | D:8      | 9500 ||| Stepping randomly (stuck).
  9501 | D:8      | 9501 ||| Stepping randomly (stuck).
  9503 | D:8      | 9503 ||| Stepping randomly (stuck).
  9505 | D:8      | 9505 ||| Stepping randomly (stuck).
  9507 | D:8      | 9507 ||| Stepping randomly (stuck).
  9508 | D:8      | 9508 ||| Stepping randomly (stuck).
  9509 | D:8      | 9509 ||| Stepping randomly (stuck).
  9510 | D:8      | 9510 ||| Stepping randomly (stuck).
  9512 | D:8      | 9512 ||| Stepping randomly (stuck).
  9513 | D:8      | 9513 ||| Stepping randomly (stuck).
  9514 | D:8      | 9514 ||| Stepping randomly (stuck).
  9515 | D:8      | 9515 ||| Stepping randomly (stuck).
  9516 | D:8      | 9516 ||| Stepping randomly (stuck).
  9517 | D:8      | 9517 ||| Stepping randomly (stuck).
  9518 | D:8      | 9518 ||| Stepping randomly (stuck).
  9519 | D:8      | 9519 ||| Stepping randomly (stuck).
  9521 | D:8      | 9521 ||| Stepping randomly (stuck).
  9523 | D:8      | 9523 ||| Stepping randomly (stuck).
  9525 | D:8      | 9525 ||| Stepping randomly (stuck).
  9526 | D:8      | 9526 ||| Stepping randomly (stuck).
  9527 | D:8      | Quit the game

Levels and vault maps discovered:
D:1:      mrwooster_arrival_arrow, layout_loops_ring,
          hellmonk_ecumenical_altar_run_dry, item_on_display_a
D:2:      layout_loops_corners
D:3:      layout_basic, uniq_robin, uniq_sigmund
D:4:      layout_rooms, minmay_temple_entry_proselytizer, uniq_menkaure
D:5:      layout_basic, minmay_hedge_maze, uniq_edmund, uniq_prince_ribbit1
D:6:      layout_loops_cross, mainiacjoe_overflow_small_starburst,
          cheibrodos_ashenzari_chains
D:7:      layout_gridville
D:8:      kennysheep_housing_project, layout_loops_ring, old_standard_altar,
          minivault_1
Temple:   nicolae_temple_bog_church

Skill      XL: |  1  2  3  4  5  6  7  8  9 10 |
---------------+-------------------------------+-----
Axes           | 2 3 4 5 6 7 8 9 |  9.6
Throwing       | 1 2 3 |  3.0
Fighting       | 4 5 7 |  7.0
Dodging        | 1 |  1.0
Invocations    | 4 |  4.0
Armour         | 4 6 7 |  7.1
Shields        | 4 |  4.9

Action                   |  1- 3 |  4- 6 |  7- 9 | 10-12 || total
-------------------------+-------+-------+-------+-------++-------
Melee: War axe           |   101 |   144 |   172 |       ||   417
       Broad axe         |       |       |    47 |    69 ||   116
Throw: Javelin           |    24 |    16 |    20 |     1 ||    61
       Boomerang         |       |       |    10 |    28 ||    38
Invok: Heroism           |       |       |    16 |     1 ||    17
  Use: Scroll            |     7 |     3 |    11 |     3 ||    24
       Potion            |     2 |     2 |     1 |     3 ||     8
Armor: Scale mail        |    39 |    90 |    49 |       ||   178
       Chain mail        |       |       |    18 |       ||    18
       Plate armour      |       |       |    55 |    56 ||   111
Dodge: Dodged            |    48 |    49 |    78 |    25 ||   200
Block: Buckler           |    19 |    23 |    47 |    16 ||   105
       Kite shield       |       |       |       |    15 ||    15
       Reflection        |       |       |       |     2 ||     2

Table legend:
 A = Non-vault XP
 B = Vault XP
 C = Vault XP percentage of total XP
 D = Non-vault monster count
 E = Vault monster count
 F = Vault count percentage of total count
                 A         B        C        D         E       F
            +---------+---------+-------+---------+---------+-------
      Total |    4514 |    1309 |  22.5 |     154 |      32 |  17.2
            +---------+---------+-------+---------+---------+-------
        D:1 |      37 |       0 |   0.0 |      21 |       0 |   0.0
        D:2 |      42 |       0 |   0.0 |      20 |       0 |   0.0
        D:3 |     201 |     278 |  58.0 |      21 |      14 |  40.0
        D:4 |     225 |     211 |  48.4 |      20 |       2 |   9.1
        D:5 |     514 |     444 |  46.3 |      12 |       2 |  14.3
        D:6 |     725 |       0 |   0.0 |      17 |       0 |   0.0
        D:7 |     960 |       0 |   0.0 |      13 |       0 |   0.0
        D:8 |    1810 |     376 |  17.2 |      30 |      14 |  31.8
            +---------+---------+-------+---------+---------+-------
